Workbook

Sheet Orçamento Sintético
N1: valor total | O1: 3197835.4
D2: Construção da nova Promotoria de Justiça de Santana do Ipanema - Não desonerado | E2: SINAPI - 09/2024 - Alagoas ORSE - 06/2024 - Sergipe | G2: 22,47% | I2: Não Desonerado: Horista: 115,22% Mensalista: 70,31% | N2: valor desc | O2: 2499989 | P2: =1-O2/O1 -> 0.21822462
A3: Orçamento Sintético | N3: =O2-O3 -> 868.67 | O3: =H561 -> 2499120.3 | P3: 0.2195
A4: Item | B4: Código | C4: Banco | D4: Descrição | E4: Und | F4: Quant. | G4: Valor Unit | H4: Valor Unit com BDI | I4: Total | J4: Peso (%) | L4: Valor Unit | M4: Valor Unit com BDI | N4: Total
A5: 1 | D5: ADMINISTRAÇÃO DE OBRA | I5: =SUM(I6) -> 172855.2 | J5: 0.069255384 | M5: 221467.32 | N5: 221467.32
A6: 1.1 | B6: COMP - 12 | C6: Próprio | D6: ADMINISTRAÇÃO LOCAL | E6: un | F6: 12 | G6: =TRUNC(L6-L6*$P$3,2) -> 11761.74 | H6: =TRUNC(M6-M6*$P$3,2) -> 14404.6 | I6: =ROUND(F6*H6,2) -> 172855.2 | J6: 0.069255384 | L6: 15069.5 | M6: 18455.61 | N6: 221467.32
A7: 2 | D7: MOBILIZAÇÃO | I7: =SUM(I8) -> 4778.4 | J7: 0.0019149203 | M7: 6123.6 | N7: 6123.6
A8: 2.1 | B8: 92144 | C8: SINAPI | D8: CAMINHONETE CABINE SIMPLES COM MOTOR 1.6 FLEX, CÂMBIO MANUAL, POTÊNCIA 101/104 CV, 2 PORTAS - MATERIAIS NA OPERAÇÃO. AF_11/2015 | E8: H | F8: 120 | G8: =TRUNC(L8-L8*$P$3,2) -> 32.52 | H8: =TRUNC(M8-M8*$P$3,2) -> 39.82 | I8: =ROUND(F8*H8,2) -> 4778.4 | J8: 0.0019149203 | L8: 41.67 | M8: 51.03 | N8: 6123.6
A9: 3 | D9: SERVIÇOS PRELIMINARES | I9: =SUM(I10:I23) -> 76367.26 | J9: 0.030598704 | M9: 97849.62 | N9: 97849.62
A10: 3.1 | B10: MP 003 | C10: Próprio | D10: ART DE EXECUÇÃO - CREA AL | E10: und | F10: 3 | G10: =TRUNC(L10-L10*$P$3,2) -> 204.92 | H10: =TRUNC(M10-M10*$P$3,2) -> 250.96 | I10: =ROUND(F10*H10,2) -> 752.88 | J10: 0.0003016478 | L10: 262.55 | M10: 321.54 | N10: 964.62
A11: 3.2 | B11: 97625 | C11: SINAPI | D11: DEMOLIÇÃO DE ALVENARIA PARA QUALQUER TIPO DE BLOCO, DE FORMA MECANIZADA, SEM REAPROVEITAMENTO. AF_09/2023 | E11: m³ | F11: 28.42875 | G11: =TRUNC(L11-L11*$P$3,2) -> 39.14 | H11: =TRUNC(M11-M11*$P$3,2) -> 47.94 | I11: =ROUND(F11*H11,2) -> 1362.87 | J11: 0.00054611003 | L11: 50.16 | M11: 61.43 | N11: 1746.37
A12: 3.3 | B12: 97627 | C12: SINAPI | D12: DEMOLIÇÃO DE PILARES E VIGAS EM CONCRETO ARMADO, DE FORMA MECANIZADA COM MARTELETE, SEM REAPROVEITAMENTO. AF_09/2023 | E12: m³ | F12: 2.36475 | G12: =TRUNC(L12-L12*$P$3,2) -> 119.29 | H12: =TRUNC(M12-M12*$P$3,2) -> 146.09 | I12: =ROUND(F12*H12,2) -> 345.47 | J12: 0.0001384155 | L12: 152.84 | M12: 187.18 | N12: 442.63
A13: 3.4 | B13: 104790 | C13: SINAPI | D13: DEMOLIÇÃO DE PISO DE CONCRETO SIMPLES, DE FORMA MECANIZADA COM MARTELETE, SEM REAPROVEITAMENTO. AF_09/2023 | E13: m³ | F13: 3.6 | G13: =TRUNC(L13-L13*$P$3,2) -> 77.8 | H13: =TRUNC(M13-M13*$P$3,2) -> 95.27 | I13: =ROUND(F13*H13,2) -> 342.97 | J13: 0.00013742108 | L13: 99.68 | M13: 122.07 | N13: 439.45
A14: 3.5 | B14: 9937 | C14: ORSE | D14: Limpeza mecanizada do terreno c/ retroescavadeira (vegetação rasteira) inclusive carga e transporte - dmt até 1km | E14: m² | F14: 1313.26 | G14: =TRUNC(L14-L14*$P$3,2) -> 1.47 | H14: =TRUNC(M14-M14*$P$3,2) -> 1.8 | I14: =ROUND(F14*H14,2) -> 2363.87 | J14: 0.00094865108 | L14: 1.89 | M14: 2.31 | N14: 3033.63
A15: 3.6 | B15: 103689 | C15: SINAPI | D15: FORNECIMENTO E INSTALAÇÃO DE PLACA DE OBRA COM CHAPA GALVANIZADA E ESTRUTURA DE MADEIRA. AF_03/2022_PS | E15: m² | F15: 4.5 | G15: =TRUNC(L15-L15*$P$3,2) -> 361.41 | H15: =TRUNC(M15-M15*$P$3,2) -> 442.62 | I15: =ROUND(F15*H15,2) -> 1991.79 | J15: 0.00079802419 | L15: 463.06 | M15: 567.1 | N15: 2551.95
A16: 3.7 | B16: 98459 | C16: SINAPI | D16: TAPUME COM TELHA METÁLICA. AF_03/2024 | E16: m² | F16: 32.18 | G16: =TRUNC(L16-L16*$P$3,2) -> 70.77 | H16: =TRUNC(M16-M16*$P$3,2) -> 86.67 | I16: =ROUND(F16*H16,2) -> 2789.04 | J16: 0.0011174997 | L16: 90.68 | M16: 111.05 | N16: 3573.58
A17: 3.8 | B17: 9416 | C17: ORSE | D17: Instalação provisória de energia elétrica, aerea, trifasica, em poste galvanizado, exclusive fornecimento do medidor | E17: un | F17: 1 | G17: =TRUNC(L17-L17*$P$3,2) -> 1283.43 | H17: =TRUNC(M17-M17*$P$3,2) -> 1571.82 | I17: =ROUND(F17*H17,2) -> 1571.82 | J17: 0.00062976037 | L17: 1644.38 | M17: 2013.87 | N17: 2013.87
A18: 3.9 | B18: 6096 | C18: ORSE | D18: Ligação Predial de Água em Mureta de Concreto, Provisória ou Definitiva, com Fornecimento de Material, inclusive Mureta e Hidrômetro, Rede DN 50mm - Rev 03_10/2022 | E18: UN | F18: 1 | G18: =TRUNC(L18-L18*$P$3,2) -> 423.95 | H18: =TRUNC(M18-M18*$P$3,2) -> 519.21 | I18: =ROUND(F18*H18,2) -> 519.21 | J18: 0.00020802509 | L18: 543.18 | M18: 665.23 | N18: 665.23
A19: 3.10 | B19: 56 | C19: ORSE | D19: Barracão para escritório de obra porte pequeno s=25,41m2 com materiais novos | E19: un | F19: 1 | G19: =TRUNC(L19-L19*$P$3,2) -> 11797.6 | H19: =TRUNC(M19-M19*$P$3,2) -> 14448.51 | I19: =ROUND(F19*H19,2) -> 14448.51 | J19: 0.0057888752 | L19: 15115.44 | M19: 18511.87 | N19: 18511.87
A20: 3.11 | B20: 62 | C20: ORSE | D20: Barracão fechado porte pequeno para depósito de cimento e almoxarifado (s=38,72 m2) com materiais novos | E20: un | F20: 1 | G20: =TRUNC(L20-L20*$P$3,2) -> 9419.75 | H20: =TRUNC(M20-M20*$P$3,2) -> 11536.36 | I20: =ROUND(F20*H20,2) -> 11536.36 | J20: 0.0046221078 | L20: 12068.87 | M20: 14780.74 | N20: 14780.74
A21: 3.12 | B21: 61 | C21: ORSE | D21: Barracão aberto para refeitório de obra (capacidade 24 refeições simultâneas)-s=61,60m2 com materiais novos | E21: un | F21: 1 | G21: =TRUNC(L21-L21*$P$3,2) -> 13555.57 | H21: =TRUNC(M21-M21*$P$3,2) -> 16601.5 | I21: =ROUND(F21*H21,2) -> 16601.5 | J21: 0.0066514837 | L21: 17367.81 | M21: 21270.35 | N21: 21270.35
... A23: 3.14 | B23: 11703 | C23: ORSE | D23: Barracão aberto para apoio à produção (carpintaria, central de armação, oficina, etc.) c/ tesouras, telha 4mm, piso em concreto desempolado | E23: m² | F23: 25 | G23: =TRUNC(L23-L23*$P$3,2) -> 148.24 | H23: =TRUNC(M23-M23*$P$3,2) -> 181.54 | I23: =ROUND(F23*H23,2) -> 4538.5 | J23: 0.0018184175 | L23: 189.93 | M23: 232.6 | N23: 5815
A24: 4 | D24: TERRAPLANAGEM | I24: =SUM(I25:I32) -> 58839.91 | J24: 0.023579422 | M24: 75403.11 | N24: 75403.11
A25: 4.1 | B25: 2548 | C25: ORSE | D25: Locação de serviços de terraplenagem de obras civis | E25: m² | F25: 1313.26 | G25: =TRUNC(L25-L25*$P$3,2) -> 1.03 | H25: =TRUNC(M25-M25*$P$3,2) -> 1.26 | I25: =ROUND(F25*H25,2) -> 1654.71 | J25: 0.00066528753 | L25: 1.33 | M25: 1.62 | N25: 2127.48
A26: 4.2 | B26: 101124 | C26: SINAPI | D26: ESCAVAÇÃO HORIZONTAL, INCLUINDO CARGA E DESCARGA EM SOLO DE 1A CATEGORIA COM TRATOR DE ESTEIRAS (100HP/LÂMINA: 2,19M3). AF_07/2020 | E26: m³ | F26: 26.11 | G26: =TRUNC(L26-L26*$P$3,2) -> 11.17 | H26: =TRUNC(M26-M26*$P$3,2) -> 13.68 | I26: =ROUND(F26*H26,2) -> 357.18 | J26: 0.00014312807 | L26: 14.32 | M26: 17.53 | N26: 457.7
A27: 4.3 | B27: 102354 | C27: SINAPI | D27: DESMONTE DE MATERIAL DE 3ª CATEGORIA (BLOCOS DE ROCHAS OU MATACOS), COM MARTELETE PNEUMÁTICO MANUAL - EXCLUSIVE CARGA E TRANSPORTE. AF_03/2021 | E27: m³ | F27: 61.128 | G27: =TRUNC(L27-L27*$P$3,2) -> 111.86 | H27: =TRUNC(M27-M27*$P$3,2) -> 136.99 | I27: =ROUND(F27*H27,2) -> 8373.92 | J27: 0.0033551383 | L27: 143.32 | M27: 175.52 | N27: 10729.18
A28: 4.4 | B28: 4522 | C28: ORSE | D28: Desmonte de rocha dura incluindo perfuração e argamassa expansiva | E28: m³ | F28: 91.692 | G28: =TRUNC(L28-L28*$P$3,2) -> 264.46 | H28: =TRUNC(M28-M28*$P$3,2) -> 323.88 | I28: =ROUND(F28*H28,2) -> 29697.2 | J28: 0.011898492 | L28: 338.84 | M28: 414.97 | N28: 38049.42
A29: 4.5 | B29: 102361 | C29: SINAPI | D29: RETIRADA DE MATERIAL DE 3ª CATEGORIA (APÓS ESCAVAÇÃO/DESMONTE) EM VALAS, COM RETROESCAVADEIRA - EXCLUSIVE CARGA E TRANSPORTE. AF_03/2021 | E29: m³ | F29: 152.82 | G29: =TRUNC(L29-L29*$P$3,2) -> 24.98 | H29: =TRUNC(M29-M29*$P$3,2) -> 30.59 | I29: =ROUND(F29*H29,2) -> 4674.76 | J29: 0.0018733109 | L29: 32.01 | M29: 39.2 | N29: 5990.54
A30: 4.6 | B30: 95875 | C30: SINAPI | D30: TRANSPORTE COM CAMINHÃO BASCULANTE DE 10 M³, EM VIA URBANA PAVIMENTADA, DMT ATÉ 30 KM (UNIDADE: M3XKM). AF_07/2020 | E30: M3XKM | F30: 1902.77 | G30: =TRUNC(L30-L30*$P$3,2) -> 1.88 | H30: =TRUNC(M30-M30*$P$3,2) -> 2.3 | I30: =ROUND(F30*H30,2) -> 4376.37 | J30: 0.001755303 | L30: 2.41 | M30: 2.95 | N30: 5613.17
A31: 4.7 | B31: 00000368 | C31: SINAPI | D31: AREIA PARA ATERRO - POSTO JAZIDA/FORNECEDOR (RETIRADO NA JAZIDA, SEM TRANSPORTE) | E31: M³ | F31: 113.47 | G31: =TRUNC(L31-L31*$P$3,2) -> 37.07 | H31: =TRUNC(M31-M31*$P$3,2) -> 45.4 | I31: =ROUND(F31*H31,2) -> 5151.54 | J31: 0.002064065 | L31: 47.5 | M31: 58.17 | N31: 6600.54
A32: 4.8 | B32: 71 | C32: ORSE | D32: Aterro manual de áreas, sem aquisição de material, com espalhamento e compactação | E32: m³ | F32: 90.776 | G32: =TRUNC(L32-L32*$P$3,2) -> 40.96 | H32: =TRUNC(M32-M32*$P$3,2) -> 50.17 | I32: =ROUND(F32*H32,2) -> 4554.23 | J32: 0.0018246968 | L32: 52.49 | M32: 64.28 | N32: 5835.08
A33: 5 | B33: * | D33: ESTRUTURA | I33: =SUM(I34,I38,I44,I54,I76,I89,I100,I108,I119) -> 830673.87 | J33: 0.33287053 | L33: =M33-M33*P3 -> 830815.05 | M33: 1064465.1 | N33: 1064465.1
A34: 5.1 | B34: * | D34: LOCAÇÃO DA OBRA, FUNDAÇÕES E VIGAS BALDRAMES | I34: =SUM(I35,I36,I37) -> 17057.42 | J34: 0.019265598 | M34: 61608.21 | N34: 61608.21
A35: 5.1.1 | B35: 105009 | C35: SINAPI | D35: LOCAÇÃO CONVENCIONAL DE OBRA, UTILIZANDO GABARITO DE TÁBUAS CORRIDAS PONTALETADAS A CADA 1,50M - 2 UTILIZAÇÕES. AF_03/2024 | E35: M | F35: 101.12 | G35: =TRUNC(L35-L35*$P$3,2) -> 54.54 | H35: =TRUNC(M35-M35*$P$3,2) -> 66.8 | I35: =ROUND(F35*H35,2) -> 6754.82 | J35: 0.0027064745 | L35: 69.89 | M35: 85.59 | N35: 8654.86
A36: 5.1.2 | B36: 96523 | C36: SINAPI | D36: ESCAVAÇÃO MANUAL PARA BLOCO DE COROAMENTO OU SAPATA (INCLUINDO ESCAVAÇÃO PARA COLOCAÇÃO DE FÔRMAS). AF_01/2024 | E36: m³ | F36: 99.2 | G36: =TRUNC(L36-L36*$P$3,2) -> 68.2 | H36: =TRUNC(M36-M36*$P$3,2) -> 83.52 | I36: =ROUND(F36*H36,2) -> 8285.18 | J36: 0.0033195548 | L36: 87.38 | M36: 107.01 | N36: 10615.39
A37: 5.1.3 | B37: 96619 | C37: SINAPI | D37: LASTRO DE CONCRETO MAGRO, APLICADO EM BLOCOS DE COROAMENTO OU SAPATAS, ESPESSURA DE 5 CM. AF_01/2024 | E37: m² | F37: 59.11 | G37: =TRUNC(L37-L37*$P$3,2) -> 27.87 | H37: =TRUNC(M37-M37*$P$3,2) -> 34.13 | I37: =ROUND(F37*H37,2) -> 2017.42 | J37: 0.00080832178 | L37: 35.71 | M37: 43.73 | N37: 2584.88
A38: 5.1.4 | B38: * | D38: FORMA, AÇO E CONCRETO | I38: =SUM(I39,I40,I41,I42,I43) -> 31021.89 | J38: 0.012431246 | M38: 39753.08 | N38: 39753.08
A39: 5.1.4.1 | B39: 96541 | C39: SINAPI | D39: FABRICAÇÃO, MONTAGEM E DESMONTAGEM DE FÔRMA PARA SAPATA, EM CHAPA DE MADEIRA COMPENSADA RESINADA, E=17 MM, 4 UTILIZAÇÕES. AF_01/2024 | E39: m² | F39: 32.63 | G39: =TRUNC(L39-L39*$P$3,2) -> 139.06 | H39: =TRUNC(M39-M39*$P$3,2) -> 170.3 | I39: =ROUND(F39*H39,2) -> 5556.89 | J39: 0.0022264623 | L39: 178.17 | M39: 218.2 | N39: 7119.86
A40: 5.1.4.2 | B40: 96545 | C40: SINAPI | D40: ARMAÇÃO DE BLOCO UTILIZANDO AÇO CA-50 DE 8 MM - MONTAGEM. AF_01/2024 | E40: KG | F40: 29 | G40: =TRUNC(L40-L40*$P$3,2) -> 13.62 | H40: =TRUNC(M40-M40*$P$3,2) -> 16.68 | I40: =ROUND(F40*H40,2) -> 483.72 | J40: 0.0001938874 | L40: 17.46 | M40: 21.38 | N40: 620.02
A41: 5.1.4.3 | B41: 96546 | C41: SINAPI | D41: ARMAÇÃO DE BLOCO UTILIZANDO AÇO CA-50 DE 10 MM - MONTAGEM. AF_01/2024 | E41: KG | F41: 385 | G41: =TRUNC(L41-L41*$P$3,2) -> 12.05 | H41: =TRUNC(M41-M41*$P$3,2) -> 14.76 | I41: =ROUND(F41*H41,2) -> 5682.6 | J41: 0.0022778533 | L41: 15.45 | M41: 18.92 | N41: 7284.2
A42: 5.1.4.4 | B42: 104920 | C42: SINAPI | D42: ARMAÇÃO DE BLOCO, SAPATA ISOLADA, VIGA BALDRAME E SAPATA CORRIDA UTILIZANDO AÇO CA-50 DE 12,5 MM - MONTAGEM. AF_01/2024 | E42: KG | F42: 426 | G42: =TRUNC(L42-L42*$P$3,2) -> 9.51 | H42: =TRUNC(M42-M42*$P$3,2) -> 11.64 | I42: =ROUND(F42*H42,2) -> 4958.64 | J42: 0.0019875695 | L42: 12.19 | M42: 14.92 | N42: 6355.92
A43: 5.1.4.5 | B43: 96558 | C43: SINAPI | D43: CONCRETAGEM DE SAPATA, FCK 30 MPA, COM USO DE BOMBA - LANÇAMENTO, ADENSAMENTO E ACABAMENTO. AF_01/2024 | E43: m³ | F43: 20.23 | G43: =TRUNC(L43-L43*$P$3,2) -> 578.8 | H43: =TRUNC(M43-M43*$P$3,2) -> 708.85 | I43: =ROUND(F43*H43,2) -> 14340.04 | J43: 0.005745474 | L43: 741.58 | M43: 908.21 | N43: 18373.08
A44: 5.2 | B44: * | D44: PILARES | I44: =SUM(I45,I46,I47,I49,I48,I50,I51,I52,I53) -> 50361.18 | J44: 0.020180617 | M44: 64534.29 | N44: 64534.29
A45: 5.2.1 | B45: 96258 | C45: SINAPI | D45: MONTAGEM E DESMONTAGEM DE FÔRMA DE PILARES CIRCULARES, PÉ-DIREITO SIMPLES, EM MADEIRA, 2 UTILIZAÇÕES. AF_05/2024 | E45: m² | F45: 76.44 | G45: =TRUNC(L45-L45*$P$3,2) -> 127.58 | H45: =TRUNC(M45-M45*$P$3,2) -> 156.25 | I45: =ROUND(F45*H45,2) -> 11943.75 | J45: 0.0047855121 | L45: 163.47 | M45: 200.2 | N45: 15303.28
A46: 5.2.2 | B46: 92443 | C46: SINAPI | D46: MONTAGEM E DESMONTAGEM DE FÔRMA DE PILARES RETANGULARES E ESTRUTURAS SIMILARES, PÉ-DIREITO SIMPLES, EM CHAPA DE MADEIRA COMPENSADA PLASTIFICADA, 18 UTILIZAÇÕES. AF_09/2020 | E46: m² | F46: 144.16 | G46: =TRUNC(L46-L46*$P$3,2) -> 54.33 | H46: =TRUNC(M46-M46*$P$3,2) -> 66.54 | I46: =ROUND(F46*H46,2) -> 9592.41 | J46: 0.0038435624 | L46: 69.62 | M46: 85.26 | N46: 12291.08
A47: 5.2.3 | B47: 92759 | C47: SINAPI | D47: ARMAÇÃO DE PILAR OU VIGA DE ESTRUTURA CONVENCIONAL DE CONCRETO ARMADO UTILIZANDO AÇO CA-60 DE 5,0 MM - MONTAGEM. AF_06/2022 | E47: KG | F47: 184 | G47: =TRUNC(L47-L47*$P$3,2) -> 11.93 | H47: =TRUNC(M47-M47*$P$3,2) -> 14.61 | I47: =ROUND(F47*H47,2) -> 2688.24 | J47: 0.0010771286 | L47: 15.29 | M47: 18.72 | N47: 3444.48
A48: 5.2.4 | B48: 92760 | C48: SINAPI | D48: ARMAÇÃO DE PILAR OU VIGA DE ESTRUTURA CONVENCIONAL DE CONCRETO ARMADO UTILIZANDO AÇO CA-50 DE 6,3 MM - MONTAGEM. AF_06/2022 | E48: KG | F48: 186 | G48: =TRUNC(L48-L48*$P$3,2) -> 11.54 | H48: =TRUNC(M48-M48*$P$3,2) -> 14.13 | I48: =ROUND(F48*H48,2) -> 2628.18 | J48: 0.0010533563 | L48: 14.79 | M48: 18.11 | N48: 3368.46
A49: 5.2.5 | B49: 92762 | C49: SINAPI | D49: ARMAÇÃO DE PILAR OU VIGA DE ESTRUTURA CONVENCIONAL DE CONCRETO ARMADO UTILIZANDO AÇO CA-50 DE 10,0 MM - MONTAGEM. AF_06/2022 | E49: KG | F49: 72 | G49: =TRUNC(L49-L49*$P$3,2) -> 9.96 | H49: =TRUNC(M49-M49*$P$3,2) -> 12.19 | I49: =ROUND(F49*H49,2) -> 877.68 | J49: 0.00035191305 | L49: 12.77 | M49: 15.63 | N49: 1125.36
A50: 5.2.6 | B50: 92763 | C50: SINAPI | D50: ARMAÇÃO DE PILAR OU VIGA DE ESTRUTURA CONVENCIONAL DE CONCRETO ARMADO UTILIZANDO AÇO CA-50 DE 12,5 MM - MONTAGEM. AF_06/2022 | E50: KG | F50: 1083 | G50: =TRUNC(L50-L50*$P$3,2) -> 8.44 | H50: =TRUNC(M50-M50*$P$3,2) -> 10.34 | I50: =ROUND(F50*H50,2) -> 11198.22 | J50: 0.0044873323 | L50: 10.82 | M50: 13.25 | N50: 14349.75
A51: 5.2.7 | B51: 92764 | C51: SINAPI | D51: ARMAÇÃO DE PILAR OU VIGA DE ESTRUTURA CONVENCIONAL DE CONCRETO ARMADO UTILIZANDO AÇO CA-50 DE 16,0 MM - MONTAGEM. AF_06/2022 | E51: KG | F51: 361 | G51: =TRUNC(L51-L51*$P$3,2) -> 8.22 | H51: =TRUNC(M51-M51*$P$3,2) -> 10.06 | I51: =ROUND(F51*H51,2) -> 3631.66 | J51: 0.0014562663 | L51: 10.54 | M51: 12.9 | N51: 4656.9
A52: 5.2.8 | B52: 94972 | C52: SINAPI | D52: CONCRETO FCK = 30MPA, TRAÇO 1:2,1:2,5 (EM MASSA SECA DE CIMENTO/ AREIA MÉDIA/ BRITA 1) - PREPARO MECÂNICO COM BETONEIRA 600 L. AF_05/2021 | E52: m³ | F52: 15.76 | G52: =TRUNC(L52-L52*$P$3,2) -> 374.13 | H52: =TRUNC(M52-M52*$P$3,2) -> 458.19 | I52: =ROUND(F52*H52,2) -> 7221.07 | J52: 0.0028931758 | L52: 479.35 | M52: 587.05 | N52: 9251.9
A53: 5.2.9 | B53: 103673 | C53: SINAPI | D53: LANÇAMENTO COM USO DE BOMBA, ADENSAMENTO E ACABAMENTO DE CONCRETO EM ESTRUTURAS. AF_02/2022 | E53: m³ | F53: 15.76 | G53: =TRUNC(L53-L53*$P$3,2) -> 30.04 | H53: =TRUNC(M53-M53*$P$3,2) -> 36.8 | I53: =ROUND(F53*H53,2) -> 579.97 | J53: 0.00023236968 | L53: 38.5 | M53: 47.15 | N53: 743.08
A54: 5.3 | B54: * | D54: VIGAS | I54: =SUM(I55,I64,) -> 319315.9 | J54: 0.1279569 | M54: 409185.09 | N54: 409185.09
A55: 5.3.1 | D55: BALDRAMES | I55: =SUM(I56,I57,I58,I59,I60,I61,I62,I63) -> 24877.76 | J55: 0.0099691341 | M55: 31879.65 | N55: 31879.65
A56: 5.3.1.1 | B56: 96542 | C56: SINAPI | D56: FABRICAÇÃO, MONTAGEM E DESMONTAGEM DE FÔRMA PARA VIGA BALDRAME, EM CHAPA DE MADEIRA COMPENSADA RESINADA, E=17 MM, 4 UTILIZAÇÕES. AF_01/2024 | E56: m² | F56: 95.37 | G56: =TRUNC(L56-L56*$P$3,2) -> 77.19 | H56: =TRUNC(M56-M56*$P$3,2) -> 94.54 | I56: =ROUND(F56*H56,2) -> 9016.28 | J56: 0.0036124936 | L56: 98.91 | M56: 121.13 | N56: 11552.16
A57: 5.3.1.2 | B57: 92759 | C57: SINAPI | D57: ARMAÇÃO DE PILAR OU VIGA DE ESTRUTURA CONVENCIONAL DE CONCRETO ARMADO UTILIZANDO AÇO CA-60 DE 5,0 MM - MONTAGEM. AF_06/2022 | E57: KG | F57: 51 | G57: =TRUNC(L57-L57*$P$3,2) -> 11.93 | H57: =TRUNC(M57-M57*$P$3,2) -> 14.61 | I57: =ROUND(F57*H57,2) -> 745.11 | J57: 0.00029855195 | L57: 15.29 | M57: 18.72 | N57: 954.72
A58: 5.3.1.3 | B58: 92760 | C58: SINAPI | D58: ARMAÇÃO DE PILAR OU VIGA DE ESTRUTURA CONVENCIONAL DE CONCRETO ARMADO UTILIZANDO AÇO CA-50 DE 6,3 MM - MONTAGEM. AF_06/2022 | E58: KG | F58: 203 | G58: =TRUNC(L58-L58*$P$3,2) -> 11.54 | H58: =TRUNC(M58-M58*$P$3,2) -> 14.13 | I58: =ROUND(F58*H58,2) -> 2868.39 | J58: 0.0011496308 | L58: 14.79 | M58: 18.11 | N58: 3676.33
A59: 5.3.1.4 | B59: 92761 | C59: SINAPI | D59: ARMAÇÃO DE PILAR OU VIGA DE ESTRUTURA CONVENCIONAL DE CONCRETO ARMADO UTILIZANDO AÇO CA-50 DE 8,0 MM - MONTAGEM. AF_06/2022 | E59: KG | F59: 41 | G59: =TRUNC(L59-L59*$P$3,2) -> 11.05 | H59: =TRUNC(M59-M59*$P$3,2) -> 13.53 | I59: =ROUND(F59*H59,2) -> 554.73 | J59: 0.00022231913 | L59: 14.16 | M59: 17.34 | N59: 710.94
A60: 5.3.1.5 | B60: 92762 | C60: SINAPI | D60: ARMAÇÃO DE PILAR OU VIGA DE ESTRUTURA CONVENCIONAL DE CONCRETO ARMADO UTILIZANDO AÇO CA-50 DE 10,0 MM - MONTAGEM. AF_06/2022 | E60: KG | F60: 271 | G60: =TRUNC(L60-L60*$P$3,2) -> 9.96 | H60: =TRUNC(M60-M60*$P$3,2) -> 12.19 | I60: =ROUND(F60*H60,2) -> 3303.49 | J60: 0.0013245616 | L60: 12.77 | M60: 15.63 | N60: 4235.73
A61: 5.3.1.6 | B61: 92763 | C61: SINAPI | D61: ARMAÇÃO DE PILAR OU VIGA DE ESTRUTURA CONVENCIONAL DE CONCRETO ARMADO UTILIZANDO AÇO CA-50 DE 12,5 MM - MONTAGEM. AF_06/2022 | E61: KG | F61: 236 | G61: =TRUNC(L61-L61*$P$3,2) -> 8.44 | H61: =TRUNC(M61-M61*$P$3,2) -> 10.34 | I61: =ROUND(F61*H61,2) -> 2440.24 | J61: 0.00097784895 | L61: 10.82 | M61: 13.25 | N61: 3127
A62: 5.3.1.7 | B62: 94966 | C62: SINAPI | D62: CONCRETO FCK = 30MPA, TRAÇO 1:2,1:2,5 (EM MASSA SECA DE CIMENTO/ AREIA MÉDIA/ BRITA 1) - PREPARO MECÂNICO COM BETONEIRA 400 L. AF_05/2021 | E62: m³ | F62: 11.9 | G62: =TRUNC(L62-L62*$P$3,2) -> 378.19 | H62: =TRUNC(M62-M62*$P$3,2) -> 463.16 | I62: =ROUND(F62*H62,2) -> 5511.6 | J62: 0.0022082719 | L62: 484.55 | M62: 593.42 | N62: 7061.69
A63: 5.3.1.8 | B63: 103673 | C63: SINAPI | D63: LANÇAMENTO COM USO DE BOMBA, ADENSAMENTO E ACABAMENTO DE CONCRETO EM ESTRUTURAS. AF_02/2022 | E63: m³ | F63: 11.9 | G63: =TRUNC(L63-L63*$P$3,2) -> 30.04 | H63: =TRUNC(M63-M63*$P$3,2) -> 36.8 | I63: =ROUND(F63*H63,2) -> 437.92 | J63: 0.00017545619 | L63: 38.5 | M63: 47.15 | N63: 561.08
A64: 5.3.2 | D64: NÍVEL 1 E NÍVEL 2 | I64: =SUM(I65,I66,I67,I68,I69,I70,I71,I72,I73,I74,I75) -> 294438.14 | J64: 0.11798776 | M64: 377305.44 | N64: 377305.44
A65: 5.3.2.1 | B65: 92468 | C65: SINAPI | D65: MONTAGEM E DESMONTAGEM DE FÔRMA DE VIGA, ESCORAMENTO METÁLICO, PÉ-DIREITO SIMPLES, EM CHAPA DE MADEIRA PLASTIFICADA, 10 UTILIZAÇÕES. AF_09/2020 | E65: m² | F65: 1106.07 | G65: =TRUNC(L65-L65*$P$3,2) -> 125.9 | H65: =TRUNC(M65-M65*$P$3,2) -> 154.18 | I65: =ROUND(F65*H65,2) -> 170533.87 | J65: 0.068328758 | L65: 161.31 | M65: 197.55 | N65: 218504.12
A66: 5.3.2.2 | B66: 92759 | C66: SINAPI | D66: ARMAÇÃO DE PILAR OU VIGA DE ESTRUTURA CONVENCIONAL DE CONCRETO ARMADO UTILIZANDO AÇO CA-60 DE 5,0 MM - MONTAGEM. AF_06/2022 | E66: KG | F66: 400 | G66: =TRUNC(L66-L66*$P$3,2) -> 11.93 | H66: =TRUNC(M66-M66*$P$3,2) -> 14.61 | I66: =ROUND(F66*H66,2) -> 5844 | J66: 0.0023415839 | L66: 15.29 | M66: 18.72 | N66: 7488
A67: 5.3.2.3 | B67: 92760 | C67: SINAPI | D67: ARMAÇÃO DE PILAR OU VIGA DE ESTRUTURA CONVENCIONAL DE CONCRETO ARMADO UTILIZANDO AÇO CA-50 DE 6,3 MM - MONTAGEM. AF_06/2022 | E67: KG | F67: 866 | G67: =TRUNC(L67-L67*$P$3,2) -> 11.54 | H67: =TRUNC(M67-M67*$P$3,2) -> 14.13 | I67: =ROUND(F67*H67,2) -> 12236.58 | J67: 0.0049043362 | L67: 14.79 | M67: 18.11 | N67: 15683.26
A68: 5.3.2.4 | B68: 92761 | C68: SINAPI | D68: ARMAÇÃO DE PILAR OU VIGA DE ESTRUTURA CONVENCIONAL DE CONCRETO ARMADO UTILIZANDO AÇO CA-50 DE 8,0 MM - MONTAGEM. AF_06/2022 | E68: KG | F68: 1212 | G68: =TRUNC(L68-L68*$P$3,2) -> 11.05 | H68: =TRUNC(M68-M68*$P$3,2) -> 13.53 | I68: =ROUND(F68*H68,2) -> 16398.36 | J68: 0.0065719705 | L68: 14.16 | M68: 17.34 | N68: 21016.08
A69: 5.3.2.5 | B69: 92762 | C69: SINAPI | D69: ARMAÇÃO DE PILAR OU VIGA DE ESTRUTURA CONVENCIONAL DE CONCRETO ARMADO UTILIZANDO AÇO CA-50 DE 10,0 MM - MONTAGEM. AF_06/2022 | E69: KG | F69: 1616 | G69: =TRUNC(L69-L69*$P$3,2) -> 9.96 | H69: =TRUNC(M69-M69*$P$3,2) -> 12.19 | I69: =ROUND(F69*H69,2) -> 19699.04 | J69: 0.0078984928 | L69: 12.77 | M69: 15.63 | N69: 25258.08
A70: 5.3.2.6 | B70: 92763 | C70: SINAPI | D70: ARMAÇÃO DE PILAR OU VIGA DE ESTRUTURA CONVENCIONAL DE CONCRETO ARMADO UTILIZANDO AÇO CA-50 DE 12,5 MM - MONTAGEM. AF_06/2022 | E70: KG | F70: 1046 | G70: =TRUNC(L70-L70*$P$3,2) -> 8.44 | H70: =TRUNC(M70-M70*$P$3,2) -> 10.34 | I70: =ROUND(F70*H70,2) -> 10815.64 | J70: 0.0043340254 | L70: 10.82 | M70: 13.25 | N70: 13859.5
A71: 5.3.2.7 | B71: 92764 | C71: SINAPI | D71: ARMAÇÃO DE PILAR OU VIGA DE ESTRUTURA CONVENCIONAL DE CONCRETO ARMADO UTILIZANDO AÇO CA-50 DE 16,0 MM - MONTAGEM. AF_06/2022 | E71: KG | F71: 1189 | G71: =TRUNC(L71-L71*$P$3,2) -> 8.22 | H71: =TRUNC(M71-M71*$P$3,2) -> 10.06 | I71: =ROUND(F71*H71,2) -> 11961.34 | J71: 0.0047964007 | L71: 10.54 | M71: 12.9 | N71: 15338.1
A72: 5.3.2.8 | B72: 92765 | C72: SINAPI | D72: ARMAÇÃO DE PILAR OU VIGA DE ESTRUTURA CONVENCIONAL DE CONCRETO ARMADO UTILIZANDO AÇO CA-50 DE 20,0 MM - MONTAGEM. AF_06/2022 | E72: KG | F72: 1096 | G72: =TRUNC(L72-L72*$P$3,2) -> 9.42 | H72: =TRUNC(M72-M72*$P$3,2) -> 11.54 | I72: =ROUND(F72*H72,2) -> 12647.84 | J72: 0.0050690039 | L72: 12.08 | M72: 14.79 | N72: 16209.84
A73: 5.3.2.9 | B73: 92766 | C73: SINAPI | D73: ARMAÇÃO DE PILAR OU VIGA DE ESTRUTURA CONVENCIONAL DE CONCRETO ARMADO UTILIZANDO AÇO CA-50 DE 25,0 MM - MONTAGEM. AF_06/2022 | E73: KG | F73: 25 | G73: =TRUNC(L73-L73*$P$3,2) -> 9.34 | H73: =TRUNC(M73-M73*$P$3,2) -> 11.43 | I73: =ROUND(F73*H73,2) -> 285.75 | J73: 0.0001145306 | L73: 11.97 | M73: 14.65 | N73: 366.25
A74: 5.3.2.10 | B74: 94972 | C74: SINAPI | D74: CONCRETO FCK = 30MPA, TRAÇO 1:2,1:2,5 (EM MASSA SECA DE CIMENTO/ AREIA MÉDIA/ BRITA 1) - PREPARO MECÂNICO COM BETONEIRA 600 L. AF_05/2021 | E74: m³ | F74: 68.72 | G74: =TRUNC(L74-L74*$P$3,2) -> 374.13 | H74: =TRUNC(M74-M74*$P$3,2) -> 458.19 | I74: =ROUND(F74*H74,2) -> 31486.82 | J74: 0.01261543 | L74: 479.35 | M74: 587.05 | N74: 40342.07
A75: 5.3.2.11 | B75: 103673 | C75: SINAPI | D75: LANÇAMENTO COM USO DE BOMBA, ADENSAMENTO E ACABAMENTO DE CONCRETO EM ESTRUTURAS. AF_02/2022 | E75: m³ | F75: 68.72 | G75: =TRUNC(L75-L75*$P$3,2) -> 30.04 | H75: =TRUNC(M75-M75*$P$3,2) -> 36.8 | I75: =ROUND(F75*H75,2) -> 2528.9 | J75: 0.0010132291 | L75: 38.5 | M75: 47.15 | N75: 3240.14
A76: 5.4 | B76: * | D76: LAJES | I76: =SUM(I77,I78,I79,I80,I81,I82,I83,I84,I85,I86,I87,I88) -> 199925.42 | J76: 0.080115234 | M76: 256195.33 | N76: 256195.33
A77: 5.4.1 | B77: 92526 | C77: SINAPI | D77: MONTAGEM E DESMONTAGEM DE FÔRMA DE LAJE MACIÇA, PÉ-DIREITO SIMPLES, EM CHAPA DE MADEIRA COMPENSADA PLASTIFICADA, 10 UTILIZAÇÕES. AF_09/2020 | E77: m² | F77: 62.05 | G77: =TRUNC(L77-L77*$P$3,2) -> 41.51 | H77: =TRUNC(M77-M77*$P$3,2) -> 50.84 | I77: =ROUND(F77*H77,2) -> 3154.62 | J77: 0.0012639581 | L77: 53.19 | M77: 65.14 | N77: 4041.93
A78: 5.4.2 | B78: 92488 | C78: SINAPI | D78: MONTAGEM E DESMONTAGEM DE FÔRMA DE LAJE NERVURADA COM CUBETA E ASSOALHO, PÉ-DIREITO DUPLO, EM CHAPA DE MADEIRA COMPENSADA RESINADA, 8 UTILIZAÇÕES. AF_09/2020 | E78: m² | F78: 580.66 | G78: =TRUNC(L78-L78*$P$3,2) -> 115.13 | H78: =TRUNC(M78-M78*$P$3,2) -> 140.99 | I78: =ROUND(F78*H78,2) -> 81867.25 | J78: 0.032802257 | L78: 147.51 | M78: 180.65 | N78: 104896.22
A79: 5.4.3 | B79: 101792 | C79: SINAPI | D79: ESCORAMENTO DE FÔRMAS DE LAJE EM MADEIRA NÃO APARELHADA, PÉ-DIREITO SIMPLES, INCLUSO TRAVAMENTO, 4 UTILIZAÇÕES. AF_09/2020 | E79: m³ | F79: 123.063 | G79: =TRUNC(L79-L79*$P$3,2) -> 13.75 | H79: =TRUNC(M79-M79*$P$3,2) -> 16.83 | I79: =ROUND(F79*H79,2) -> 2071.15 | J79: 0.00083008025 | L79: 17.62 | M79: 21.57 | N79: 2654.46
A80: 5.4.4 | B80: 92768 | C80: SINAPI | D80: ARMAÇÃO DE LAJE DE ESTRUTURA CONVENCIONAL DE CONCRETO ARMADO UTILIZANDO AÇO CA-60 DE 5,0 MM - MONTAGEM. AF_06/2022 | E80: KG | F80: 411 | G80: =TRUNC(L80-L80*$P$3,2) -> 11.56 | H80: =TRUNC(M80-M80*$P$3,2) -> 14.16 | I80: =ROUND(F80*H80,2) -> 5819.76 | J80: 0.0023327186 | L80: 14.82 | M80: 18.15 | N80: 7459.65
A81: 5.4.5 | B81: 92769 | C81: SINAPI | D81: ARMAÇÃO DE LAJE DE ESTRUTURA CONVENCIONAL DE CONCRETO ARMADO UTILIZANDO AÇO CA-50 DE 6,3 MM - MONTAGEM. AF_06/2022 | E81: KG | F81: 2343 | G81: =TRUNC(L81-L81*$P$3,2) -> 11.18 | H81: =TRUNC(M81-M81*$P$3,2) -> 13.68 | I81: =ROUND(F81*H81,2) -> 32052.24 | J81: 0.012851262 | L81: 14.33 | M81: 17.54 | N81: 41096.22
A82: 5.4.6 | B82: 92770 | C82: SINAPI | D82: ARMAÇÃO DE LAJE DE ESTRUTURA CONVENCIONAL DE CONCRETO ARMADO UTILIZANDO AÇO CA-50 DE 8,0 MM - MONTAGEM. AF_06/2022 | E82: KG | F82: 469 | G82: =TRUNC(L82-L82*$P$3,2) -> 10.7 | H82: =TRUNC(M82-M82*$P$3,2) -> 13.11 | I82: =ROUND(F82*H82,2) -> 6148.59 | J82: 0.0024639167 | L82: 13.72 | M82: 16.8 | N82: 7879.2
A83: 5.4.7 | B83: 92771 | C83: SINAPI | D83: ARMAÇÃO DE LAJE DE ESTRUTURA CONVENCIONAL DE CONCRETO ARMADO UTILIZANDO AÇO CA-50 DE 10,0 MM - MONTAGEM. AF_06/2022 | E83: KG | F83: 776 | G83: =TRUNC(L83-L83*$P$3,2) -> 9.63 | H83: =TRUNC(M83-M83*$P$3,2) -> 11.8 | I83: =ROUND(F83*H83,2) -> 9156.8 | J83: 0.0036690819 | L83: 12.35 | M83: 15.12 | N83: 11733.12
A84: 5.4.8 | B84: 92772 | C84: SINAPI | D84: ARMAÇÃO DE LAJE DE ESTRUTURA CONVENCIONAL DE CONCRETO ARMADO UTILIZANDO AÇO CA-50 DE 12,5 MM - MONTAGEM. AF_06/2022 | E84: KG | F84: 473 | G84: =TRUNC(L84-L84*$P$3,2) -> 8.15 | H84: =TRUNC(M84-M84*$P$3,2) -> 9.98 | I84: =ROUND(F84*H84,2) -> 4720.54 | J84: 0.0018918016 | L84: 10.45 | M84: 12.79 | N84: 6049.67
A85: 5.4.9 | B85: 92773 | C85: SINAPI | D85: ARMAÇÃO DE LAJE DE ESTRUTURA CONVENCIONAL DE CONCRETO ARMADO UTILIZANDO AÇO CA-50 DE 16,0 MM - MONTAGEM. AF_06/2022 | E85: KG | F85: 233 | G85: =TRUNC(L85-L85*$P$3,2) -> 8.03 | H85: =TRUNC(M85-M85*$P$3,2) -> 9.84 | I85: =ROUND(F85*H85,2) -> 2292.72 | J85: 0.00091878713 | L85: 10.3 | M85: 12.61 | N85: 2938.13
A86: 5.4.10 | B86: 92774 | C86: SINAPI | D86: ARMAÇÃO DE LAJE DE ESTRUTURA CONVENCIONAL DE CONCRETO ARMADO UTILIZANDO AÇO CA-50 DE 20,0 MM - MONTAGEM. AF_06/2022 | E86: KG | F86: 36 | G86: =TRUNC(L86-L86*$P$3,2) -> 9.31 | H86: =TRUNC(M86-M86*$P$3,2) -> 11.4 | I86: =ROUND(F86*H86,2) -> 410.4 | J86: 0.00016447376 | L86: 11.93 | M86: 14.61 | N86: 525.96
A87: 5.4.11 | B87: 94972 | C87: SINAPI | D87: CONCRETO FCK = 30MPA, TRAÇO 1:2,1:2,5 (EM MASSA SECA DE CIMENTO/ AREIA MÉDIA/ BRITA 1) - PREPARO MECÂNICO COM BETONEIRA 600 L. AF_05/2021 | E87: m³ | F87: 105.52 | G87: =TRUNC(L87-L87*$P$3,2) -> 374.13 | H87: =TRUNC(M87-M87*$P$3,2) -> 458.19 | I87: =ROUND(F87*H87,2) -> 48348.21 | J87: 0.019371075 | L87: 479.35 | M87: 587.05 | N87: 61945.51
A88: 5.4.12 | B88: 103673 | C88: SINAPI | D88: LANÇAMENTO COM USO DE BOMBA, ADENSAMENTO E ACABAMENTO DE CONCRETO EM ESTRUTURAS. AF_02/2022 | E88: m³ | F88: 105.52 | G88: =TRUNC(L88-L88*$P$3,2) -> 30.04 | H88: =TRUNC(M88-M88*$P$3,2) -> 36.8 | I88: =ROUND(F88*H88,2) -> 3883.14 | J88: 0.0015558212 | L88: 38.5 | M88: 47.15 | N88: 4975.26
A89: 5.5 | B89: * | D89: ESCADAS | I89: =SUM(I90,I91,I92,I93,I94,I95,I96,I97,I98,I99) -> 37793.64 | J89: 0.015144513 | M89: 48429.66 | N89: 48429.66
A90: 5.5.1 | B90: 102017 | C90: SINAPI | D90: MONTAGEM E DESMONTAGEM DE FÔRMA PARA ESCADAS, COM 2 LANCES EM "L" E LAJE CASCATA, EM CHAPA DE MADEIRA COMPENSADA RESINADA, 4 UTILIZAÇÕES. AF_11/2020 | E90: m² | F90: 22.57 | G90: =TRUNC(L90-L90*$P$3,2) -> 249.83 | H90: =TRUNC(M90-M90*$P$3,2) -> 305.97 | I90: =ROUND(F90*H90,2) -> 6905.74 | J90: 0.0027668372 | L90: 320.1 | M90: 392.02 | N90: 8847.89
A91: 5.5.2 | B91: 102003 | C91: SINAPI | D91: MONTAGEM E DESMONTAGEM DE FÔRMA PARA ESCADAS, COM 2 LANCES EM "U" E LAJE CASCATA, EM CHAPA DE MADEIRA COMPENSADA RESINADA, 4 UTILIZAÇÕES. AF_11/2020 | E91: m² | F91: 20.52 | G91: =TRUNC(L91-L91*$P$3,2) -> 256.83 | H91: =TRUNC(M91-M91*$P$3,2) -> 314.54 | I91: =ROUND(F91*H91,2) -> 6454.36 | J91: 0.0025860493 | L91: 329.07 | M91: 403.01 | N91: 8269.76
A92: 5.5.3 | B92: 95943 | C92: SINAPI | D92: ARMAÇÃO DE ESCADA, DE UMA ESTRUTURA CONVENCIONAL DE CONCRETO ARMADO UTILIZANDO AÇO CA-60 DE 5,0 MM - MONTAGEM. AF_11/2020 | E92: KG | F92: 3 | G92: =TRUNC(L92-L92*$P$3,2) -> 17.55 | H92: =TRUNC(M92-M92*$P$3,2) -> 21.49 | I92: =ROUND(F92*H92,2) -> 64.47 | J92: 2.5836227e-05 | L92: 22.49 | M92: 27.54 | N92: 82.62
A93: 5.5.4 | B93: 95944 | C93: SINAPI | D93: ARMAÇÃO DE ESCADA, DE UMA ESTRUTURA CONVENCIONAL DE CONCRETO ARMADO UTILIZANDO AÇO CA-50 DE 6,3 MM - MONTAGEM. AF_11/2020 | E93: KG | F93: 29 | G93: =TRUNC(L93-L93*$P$3,2) -> 16.27 | H93: =TRUNC(M93-M93*$P$3,2) -> 19.92 | I93: =ROUND(F93*H93,2) -> 577.68 | J93: 0.00023152224 | L93: 20.85 | M93: 25.53 | N93: 740.37
A94: 5.5.5 | B94: 95945 | C94: SINAPI | D94: ARMAÇÃO DE ESCADA, DE UMA ESTRUTURA CONVENCIONAL DE CONCRETO ARMADO UTILIZANDO AÇO CA-50 DE 8,0 MM - MONTAGEM. AF_11/2020 | E94: KG | F94: 10 | G94: =TRUNC(L94-L94*$P$3,2) -> 13.62 | H94: =TRUNC(M94-M94*$P$3,2) -> 16.68 | I94: =ROUND(F94*H94,2) -> 166.8 | J94: 6.6857725e-05 | L94: 17.46 | M94: 21.38 | N94: 213.8
A95: 5.5.6 | B95: 95946 | C95: SINAPI | D95: ARMAÇÃO DE ESCADA, DE UMA ESTRUTURA CONVENCIONAL DE CONCRETO ARMADO UTILIZANDO AÇO CA-50 DE 10,0 MM - MONTAGEM. AF_11/2020 | E95: KG | F95: 342 | G95: =TRUNC(L95-L95*$P$3,2) -> 11.14 | H95: =TRUNC(M95-M95*$P$3,2) -> 13.64 | I95: =ROUND(F95*H95,2) -> 4664.88 | J95: 0.0018694396 | L95: 14.28 | M95: 17.48 | N95: 5978.16
A96: 5.5.7 | B96: 95947 | C96: SINAPI | D96: ARMAÇÃO DE ESCADA, DE UMA ESTRUTURA CONVENCIONAL DE CONCRETO ARMADO UTILIZANDO AÇO CA-50 DE 12,5 MM - MONTAGEM. AF_11/2020 | E96: KG | F96: 110 | G96: =TRUNC(L96-L96*$P$3,2) -> 8.78 | H96: =TRUNC(M96-M96*$P$3,2) -> 10.76 | I96: =ROUND(F96*H96,2) -> 1183.6 | J96: 0.00047435212 | L96: 11.26 | M96: 13.79 | N96: 1516.9
A97: 5.5.8 | B97: 95948 | C97: SINAPI | D97: ARMAÇÃO DE ESCADA, DE UMA ESTRUTURA CONVENCIONAL DE CONCRETO ARMADO UTILIZANDO AÇO CA-50 DE 16,0 MM - MONTAGEM. AF_11/2020 | E97: KG | F97: 1335 | G97: =TRUNC(L97-L97*$P$3,2) -> 7.95 | H97: =TRUNC(M97-M97*$P$3,2) -> 9.73 | I97: =ROUND(F97*H97,2) -> 12989.55 | J97: 0.0052058496 | L97: 10.19 | M97: 12.47 | N97: 16647.45
A98: 5.5.9 | B98: 94972 | C98: SINAPI | D98: CONCRETO FCK = 30MPA, TRAÇO 1:2,1:2,5 (EM MASSA SECA DE CIMENTO/ AREIA MÉDIA/ BRITA 1) - PREPARO MECÂNICO COM BETONEIRA 600 L. AF_05/2021 | E98: m³ | F98: 9.67 | G98: =TRUNC(L98-L98*$P$3,2) -> 374.13 | H98: =TRUNC(M98-M98*$P$3,2) -> 458.19 | I98: =ROUND(F98*H98,2) -> 4430.7 | J98: 0.0017751914 | L98: 479.35 | M98: 587.05 | N98: 5676.77
A99: 5.5.10 | B99: 103673 | C99: SINAPI | D99: LANÇAMENTO COM USO DE BOMBA, ADENSAMENTO E ACABAMENTO DE CONCRETO EM ESTRUTURAS. AF_02/2022 | E99: m³ | F99: 9.67 | G99: =TRUNC(L99-L99*$P$3,2) -> 30.04 | H99: =TRUNC(M99-M99*$P$3,2) -> 36.8 | I99: =ROUND(F99*H99,2) -> 355.86 | J99: 0.00014257769 | L99: 38.5 | M99: 47.15 | N99: 455.94
A100: 5.6 | B100: * | D100: ESTRUTURA METÁLICA | I100: =SUM(I101,I102,I103,I104,I105,I106,I107) -> 15594.41 | J100: 0.0062516695 | M100: 19991.81 | N100: 19991.81
A101: 5.6.1 | B101: 100764 | C101: SINAPI | D101: VIGA METÁLICA EM PERFIL LAMINADO OU SOLDADO EM AÇO ESTRUTURAL, COM CONEXÕES SOLDADAS, INCLUSOS MÃO DE OBRA, TRANSPORTE E IÇAMENTO UTILIZANDO GUINDASTE - FORNECIMENTO E INSTALAÇÃO. AF_01/2020_PA | E101: KG | F101: 879 | G101: =TRUNC(L101-L101*$P$3,2) -> 11.96 | H101: =TRUNC(M101-M101*$P$3,2) -> 14.64 | I101: =ROUND(F101*H101,2) -> 12868.56 | J101: 0.0051593744 | L101: 15.33 | M101: 18.77 | N101: 16498.83
...

Sheet CRONOGRAMA REV 3 
A3: CRONOGRAMA
A4: Item | B4: Discriminação | C4: Preço Total (R$) | D4: % | E4: Mês 01 | F4: Mês 02 | G4: Mês 03 | H4: Mês 04 | I4: Mês 05 | J4: Mês 06 | K4: Mês 07 | L4: Mês 08 | M4: Mês 09 | N4: Mês 10 | O4: Mês 11 | P4: Mês 12 | Q4: conferencia
A5: 1 | B5: ='Orçamento Sintético'!D5 -> ADMINISTRAÇÃO DE OBRA | C5: ='Orçamento Sintético'!I5 -> 172855.2 | D5: =C5/$C$49 -> 0.069166418 | E5: =E6*$C$5 -> 10163.886 | F5: =F6*$C$5 -> 9420.6084 | G5: =G6*$C$5 -> 5514.0809 | H5: =H6*$C$5 -> 16957.095 | I5: =I6*$C$5 -> 19480.781 | J5: =J6*$C$5 -> 10146.6 | K5: =K6*$C$5 -> 11685.012 | L5: =L6*$C$5 -> 14502.551 | ... P5: =P6*$C$5 -> 4978.2298 | Q5: =SUM(E5:P5) -> 172855.2 | R5: =C5-Q5 -> 0
E6: 0.0588 | F6: 0.0545 | G6: 0.0319 | H6: 0.0981 | I6: 0.1127 | J6: 0.0587 | K6: 0.0676 | L6: 0.0839 | M6: 0.1218 | N6: 0.1629 | O6: 0.1203 | P6: 0.0288 | Q6: =SUM(E6:P6) -> 1 | R6: =C6-Q6 -> -1
A7: 2 | B7: ='Orçamento Sintético'!D7 -> MOBILIZAÇÃO | C7: ='Orçamento Sintético'!I7 -> 4778.4 | D7: =C7/$C$49 -> 0.0019120328 | E7: =E8*$C$7 -> 280.96992 | F7: =F8*$C$7 -> 260.4228 | G7: =G8*$C$7 -> 152.43096 | H7: =H8*$C$7 -> 468.76104 | I7: =I8*$C$7 -> 538.52568 | J7: =J8*$C$7 -> 280.49208 | K7: =K8*$C$7 -> 323.01984 | L7: =L8*$C$7 -> 400.90776 | ... P7: =P8*$C$7 -> 137.61792 | Q7: =SUM(E7:P7) -> 4778.4 | R7: =C7-Q7 -> 0
E8: 0.0588 | F8: 0.0545 | G8: 0.0319 | H8: 0.0981 | I8: 0.1127 | J8: 0.0587 | K8: 0.0676 | L8: 0.0839 | M8: 0.1218 | N8: 0.1629 | O8: 0.1203 | P8: 0.0288 | Q8: =SUM(E8:P8) -> 1 | R8: =C8-Q8 -> -1
A9: 3 | B9: ='Orçamento Sintético'!D9 -> SERVIÇOS PRELIMINARES | C9: ='Orçamento Sintético'!I9 -> 76367.26 | D9: =C9/$C$49 -> 0.030557656 | E9: =E10*$C$9 -> 76367.26 | F9: =F10*$C$9 -> 0 | G9: =G10*$C$9 -> 0 | H9: =H10*$C$9 -> 0 | I9: =I10*$C$9 -> 0 | J9: =J10*$C$9 -> 0 | K9: =K10*$C$9 -> 0 | L9: =L10*$C$9 -> 0 | ... P9: =P10*$C$9 -> 0 | Q9: =SUM(E9:P9) -> 76367.26 | R9: =C9-Q9 -> 0
E10: 1 | Q10: =SUM(E10:P10) -> 1 | R10: =C10-Q10 -> -1
A11: 4 | B11: ='Orçamento Sintético'!D24 -> TERRAPLANAGEM | C11: ='Orçamento Sintético'!I24 -> 58839.91 | D11: =C11/$C$49 -> 0.023544249 | E11: =E12*$C$11 -> 58839.91 | F11: =F12*$C$11 -> 0 | G11: =G12*$C$11 -> 0 | H11: =H12*$C$11 -> 0 | I11: =I12*$C$11 -> 0 | J11: =J12*$C$11 -> 0 | K11: =K12*$C$11 -> 0 | L11: =L12*$C$11 -> 0 | ... P11: =P12*$C$11 -> 0 | Q11: =SUM(E11:P11) -> 58839.91 | R11: =C11-Q11 -> 0
E12: 1 | Q12: =SUM(E12:P12) -> 1 | R12: =C12-Q12 -> -1
A13: 5 | B13: ='Orçamento Sintético'!D33 -> ESTRUTURA | C13: ='Orçamento Sintético'!I33 -> 830673.87 | D13: =C13/$C$49 -> 0.33238651 | E13: =E14*$C$13 -> 0 | F13: =F14*$C$13 -> 146115.53 | G13: =G14*$C$13 -> 73099.301 | H13: =H14*$C$13 -> 224115.81 | I13: =I14*$C$13 -> 258422.64 | J13: =J14*$C$13 -> 99930.067 | K13: =K14*$C$13 -> 28990.518 | L13: =L14*$C$13 -> 0 | ... P13: =P14*$C$13 -> 0 | Q13: =SUM(E13:P13) -> 830673.87 | R13: =C13-Q13 -> 0
F14: 0.1759 | G14: 0.088 | H14: 0.2698 | I14: 0.3111 | J14: 0.1203 | K14: 0.0349 | Q14: =SUM(E14:P14) -> 1 | R14: =C14-Q14 -> -1
A15: 6 | B15: ='Orçamento Sintético'!D125 -> VEDAÇÃO E ELEVAÇÕES INTERNAS E EXTERNAS | C15: ='Orçamento Sintético'!I125 -> 192976.52 | D15: =C15/$C$49 -> 0.077217779 | E15: =E16*$C$15 -> 0 | F15: 0 | G15: 0 | H15: 0 | I15: 0 | J15: 0 | K15: =K16*$C$15 -> 83867.596 | L15: =L16*$C$15 -> 72481.981 | M15: =M16*$C$15 -> 36626.943 | N15: =N16*$C$15 -> 0 | O15: =O16*$C$15 -> 0 | P15: =P16*$C$15 -> 0 | Q15: =SUM(E15:P15) -> 192976.52 | R15: =C15-Q15 -> 0
K16: 0.4346 | L16: 0.3756 | M16: 0.1898 | Q16: =SUM(E16:P16) -> 1 | R16: =C16-Q16 -> -1
A17: 7 | B17: ='Orçamento Sintético'!D149 -> COBERTURA | C17: ='Orçamento Sintético'!I149 -> 42440.76 | D17: =C17/$C$49 -> 0.01698228 | E17: =E18*$C$17 -> 0 | F17: =F18*$C$17 -> 0 | G17: =G18*$C$17 -> 0 | H17: =H18*$C$17 -> 0 | I17: =I18*$C$17 -> 0 | J17: =J18*$C$17 -> 0 | K17: =K18*$C$17 -> 42440.76 | L17: 0 | M17: 0 | N17: =N18*$C$17 -> 0 | O17: =O18*$C$17 -> 0 | P17: =P18*$C$17 -> 0 | Q17: =SUM(E17:P17) -> 42440.76 | R17: =C17-Q17 -> 0
K18: 1 | Q18: =SUM(E18:P18) -> 1 | R18: =C18-Q18 -> -1
A19: 8 | B19: ='Orçamento Sintético'!D155 -> IMPERMEABILIZAÇÃO | C19: ='Orçamento Sintético'!I155 -> 35324.53 | D19: =C19/$C$49 -> 0.014134786 | E19: =E20*$C$19 -> 0 | F19: =F20*$C$19 -> 0 | G19: =G20*$C$19 -> 0 | H19: =H20*$C$19 -> 0 | I19: =I20*$C$19 -> 0 | J19: =J20*$C$19 -> 0 | K19: 0 | L19: =L20*$C$19 -> 33575.966 | M19: =M20*$C$19 -> 1748.5642 | N19: =N20*$C$19 -> 0 | O19: =O20*$C$19 -> 0 | P19: =P20*$C$19 -> 0 | Q19: =SUM(E19:P19) -> 35324.53 | R19: =C19-Q19 -> 0
L20: 0.9505 | M20: 0.0495 | Q20: =SUM(E20:P20) -> 1 | R20: =C20-Q20 -> -1
A21: 9 | B21: ='Orçamento Sintético'!D163 -> PAVIMENTAÇÃO | C21: ='Orçamento Sintético'!I163 -> 83931.8 | D21: =C21/$C$49 -> 0.033584537 | E21: =E22*$C$21 -> 0 | F21: =F22*$C$21 -> 0 | G21: =G22*$C$21 -> 0 | H21: =H22*$C$21 -> 0 | I21: =I22*$C$21 -> 0 | J21: 0 | K21: 0 | L21: =L22*$C$21 -> 16257.59 | M21: 0 | N21: =N22*$C$21 -> 67674.21 | O21: =O22*$C$21 -> 0 | P21: =P22*$C$21 -> 0 | Q21: =SUM(E21:P21) -> 83931.8 | R21: =C21-Q21 -> 0
L22: 0.1937 | N22: 0.8063 | Q22: =SUM(E22:P22) -> 1 | R22: =C22-Q22 -> -1
A23: 10 | B23: ='Orçamento Sintético'!D177 -> REVESTIMENTOS INTERNOS E EXTERNOS | C23: ='Orçamento Sintético'!I177 -> 317669.02 | D23: =C23/$C$49 -> 0.12711234 | E23: =E24*$C$23 -> 0 | F23: =F24*$C$23 -> 0 | G23: =G24*$C$23 -> 0 | H23: =H24*$C$23 -> 0 | I23: =I24*$C$23 -> 0 | J23: =J24*$C$23 -> 0 | K23: =K24*$C$23 -> 0 | L23: 0 | M23: =M24*$C$23 -> 172684.88 | N23: =N24*$C$23 -> 144984.14 | O23: =O24*$C$23 -> 0 | P23: =P24*$C$23 -> 0 | Q23: =SUM(E23:P23) -> 317669.02 | R23: =C23-Q23 -> 0
M24: 0.5436 | N24: 0.4564 | Q24: =SUM(E24:P24) -> 1 | R24: =C24-Q24 -> -1
A25: 11 | B25: ='Orçamento Sintético'!D197 -> ESQUADRIAS | C25: ='Orçamento Sintético'!I197 -> 88750.18 | D25: =C25/$C$49 -> 0.035512568 | E25: =E26*$C$25 -> 0 | F25: =F26*$C$25 -> 0 | G25: =G26*$C$25 -> 0 | H25: =H26*$C$25 -> 0 | I25: =I26*$C$25 -> 0 | J25: =J26*$C$25 -> 0 | K25: =K26*$C$25 -> 0 | L25: =L26*$C$25 -> 0 | ... P25: =P26*$C$25 -> 0 | Q25: =SUM(E25:P25) -> 88750.18 | R25: =C25-Q25 -> 0
M26: 0.028 | N26: 0.972 | Q26: =SUM(E26:P26) -> 1 | R26: =C26-Q26 -> -1
A27: 12 | B27: ='Orçamento Sintético'!D212 -> INSTALAÇÕES HIDROSSANITÁRIAS | C27: ='Orçamento Sintético'!I212 -> 45772.73 | D27: =C27/$C$49 -> 0.018315537 | E27: =E28*$C$27 -> 0 | F27: =F28*$C$27 -> 0 | G27: =G28*$C$27 -> 0 | H27: =H28*$C$27 -> 0 | I27: =I28*$C$27 -> 0 | J27: =J28*$C$27 -> 0 | K27: =K28*$C$27 -> 0 | L27: =L28*$C$27 -> 14372.637 | ... P27: =P28*$C$27 -> 0 | Q27: =SUM(E27:P27) -> 45772.73 | R27: =C27-Q27 -> 0
L28: 0.314 | M28: 0.686 | Q28: =SUM(E28:P28) -> 1 | R28: =C28-Q28 -> -1
A29: 13 | B29: ='Orçamento Sintético'!D336 -> BANCADAS , LOUÇAS E METAIS | C29: ='Orçamento Sintético'!I336 -> 41036.45 | D29: =C29/$C$49 -> 0.016420358 | E29: =E30*$C$29 -> 0 | F29: =F30*$C$29 -> 0 | G29: =G30*$C$29 -> 0 | H29: =H30*$C$29 -> 0 | I29: =I30*$C$29 -> 0 | J29: =J30*$C$29 -> 0 | K29: =K30*$C$29 -> 0 | L29: =L30*$C$29 -> 0 | ... P29: =P30*$C$29 -> 0 | Q29: =SUM(E29:P29) -> 41036.45 | R29: =C29-Q29 -> 0
O30: 1 | Q30: =SUM(E30:P30) -> 1 | R30: =C30-Q30 -> -1
A31: 14 | B31: ='Orçamento Sintético'!D353 -> INSTALAÇÕES ELÉTRICAS | C31: ='Orçamento Sintético'!I353 -> 87693.64 | D31: =C31/$C$49 -> 0.035089803 | E31: =E32*$C$31 -> 0 | F31: =F32*$C$31 -> 0 | G31: =G32*$C$31 -> 0 | H31: =H32*$C$31 -> 0 | I31: =I32*$C$31 -> 0 | J31: =J32*$C$31 -> 0 | K31: =K32*$C$31 -> 0 | L31: =L32*$C$31 -> 26641.328 | ... P31: =P32*$C$31 -> 0 | Q31: =SUM(E31:P31) -> 87693.64 | R31: =C31-Q31 -> 0
L32: 0.3038 | M32: 0.1253 | N32: 0.5709 | Q32: =SUM(E32:P32) -> 1 | R32: =C32-Q32 -> -1
A33: 15 | B33: ='Orçamento Sintético'!D430 -> SPDA | C33: ='Orçamento Sintético'!I430 -> 13825.97 | D33: =C33/$C$49 -> 0.0055323347 | E33: =E34*$C$33 -> 0 | F33: =F34*$C$33 -> 0 | G33: =G34*$C$33 -> 0 | H33: =H34*$C$33 -> 1212.5376 | I33: =I34*$C$33 -> 544.74322 | J33: =J34*$C$33 -> 11645.615 | K33: =K34*$C$33 -> 0 | L33: =L34*$C$33 -> 0 | ... P33: =P34*$C$33 -> 0 | Q33: =SUM(E33:P33) -> 13825.97 | R33: =C33-Q33 -> 0
H34: 0.0877 | I34: 0.0394 | J34: 0.8423 | N34: 0.0306 | Q34: =SUM(E34:P34) -> 1 | R34: =C34-Q34 -> -1
A35: 16 | B35: ='Orçamento Sintético'!D449 -> INSTALAÇÕES DE AR CONDICIONADO | C35: ='Orçamento Sintético'!I449 -> 71737.33 | D35: =C35/$C$49 -> 0.028705032 | E35: =E36*$C$35 -> 0 | F35: =F36*$C$35 -> 0 | G35: =G36*$C$35 -> 0 | H35: =H36*$C$35 -> 0 | I35: =I36*$C$35 -> 0 | J35: =J36*$C$35 -> 0 | K35: =K36*$C$35 -> 0 | L35: =L36*$C$35 -> 0 | ... O35: =O36*$C$35 -> 53551.917 | Q35: =SUM(E35:P35) -> 71737.33 | R35: =C35-Q35 -> 0
M36: 0.2535 | O36: 0.7465 | Q36: =SUM(E36:P36) -> 1 | R36: =C36-Q36 -> -1
A37: 17 | B37: ='Orçamento Sintético'!D464 -> CABEAMENTO ESTRUTURADO , CFTV E ALARME | C37: ='Orçamento Sintético'!I464 -> 79522.31 | D37: =C37/$C$49 -> 0.031820121 | E37: =E38*$C$37 -> 0 | F37: =F38*$C$37 -> 0 | G37: =G38*$C$37 -> 0 | H37: =H38*$C$37 -> 0 | I37: =I38*$C$37 -> 0 | J37: =J38*$C$37 -> 0 | K37: =K38*$C$37 -> 0 | L37: =L38*$C$37 -> 30552.472 | ... P37: =P38*$C$37 -> 16548.593 | Q37: =SUM(E37:P37) -> 79522.31 | R37: =C37-Q37 -> 0
L38: 0.3842 | M38: 0.103 | N38: 0.3047 | P38: 0.2081 | Q38: =SUM(E38:P38) -> 1 | R38: =C38-Q38 -> -1
A39: 18 | B39: ='Orçamento Sintético'!D501 -> COMBATE A INCÊNDIO E PÂNICO | C39: ='Orçamento Sintético'!I501 -> 5032.56 | D39: =C39/$C$49 -> 0.0020137326 | E39: =E40*$C$39 -> 0 | F39: =F40*$C$39 -> 0 | G39: =G40*$C$39 -> 0 | H39: =H40*$C$39 -> 0 | I39: =I40*$C$39 -> 0 | J39: =J40*$C$39 -> 0 | K39: =K40*$C$39 -> 0 | L39: =L40*$C$39 -> 0 | ... P39: =P40*$C$39 -> 4850.3813 | Q39: =SUM(E39:P39) -> 5032.56 | R39: =C39-Q39 -> 0
N40: 0.0362 | P40: 0.9638 | Q40: =SUM(E40:P40) -> 1 | R40: =C40-Q40 -> -1
A41: 19 | B41: ='Orçamento Sintético'!D508 -> PINTURA | C41: ='Orçamento Sintético'!I508 -> 29861.47 | D41: =C41/$C$49 -> 0.011948792 | E41: =E42*$C$41 -> 0 | F41: =F42*$C$41 -> 0 | G41: =G42*$C$41 -> 0 | H41: =H42*$C$41 -> 0 | I41: =I42*$C$41 -> 0 | J41: =J42*$C$41 -> 0 | K41: =K42*$C$41 -> 0 | L41: =L42*$C$41 -> 0 | ... P41: =P42*$C$41 -> 16098.318 | Q41: =SUM(E41:P41) -> 29861.47 | R41: =C41-Q41 -> 0
O42: 0.4609 | P42: 0.5391 | Q42: =SUM(E42:P42) -> 1 | R42: =C42-Q42 -> -1
A43: 20 | B43: ='Orçamento Sintético'!D518 -> ACESSIBILIDADE | C43: ='Orçamento Sintético'!I518 -> 177538.94 | D43: =C43/$C$49 -> 0.071040573 | E43: =E44*$C$41 -> 0 | F43: =F44*$C$41 -> 0 | G43: =G44*$C$41 -> 0 | H43: =H44*$C$41 -> 0 | I43: =I44*$C$41 -> 0 | J43: =J44*$C$43 -> 23257.601 | K43: =K44*$C$41 -> 0 | L43: =L44*$C$41 -> 0 | M43: =M44*$C$41 -> 0 | N43: =N44*$C$41 -> 0 | O43: =O44*$C$43 -> 154281.34 | P43: =P44*$C$43 -> 0 | Q43: =SUM(E43:P43) -> 177538.94 | R43: =C43-Q43 -> 0
J44: 0.131 | O44: 0.869 | Q44: =SUM(E44:P44) -> 1 | R44: =C44-Q44 -> -1
A45: 21 | B45: ='Orçamento Sintético'!D532 -> PAISAGISMO | C45: ='Orçamento Sintético'!I532 -> 7509.86 | D45: =C45/$C$49 -> 0.0030050014 | E45: =E46*$C$41 -> 0 | F45: =F46*$C$41 -> 0 | G45: =G46*$C$41 -> 0 | H45: =H46*$C$41 -> 0 | I45: =I46*$C$41 -> 0 | J45: =J46*$C$41 -> 0 | K45: =K46*$C$41 -> 0 | L45: =L46*$C$41 -> 0 | ... N45: =N46*$C$41 -> 0 | O45: =O46*$C$45 -> 7509.86 | P45: =P46*$C$45 -> 0 | Q45: =SUM(E45:P45) -> 7509.86 | R45: =C45-Q45 -> 0
O46: 1 | Q46: =SUM(E46:P46) -> 1 | R46: =C46-Q46 -> -1
A47: 22 | B47: ='Orçamento Sintético'!D539 -> SERVIÇOS COMPLEMENTARES | C47: ='Orçamento Sintético'!I539 -> 34981.61 | D47: =C47/$C$49 -> 0.013997569 | E47: =E48*$C$47 -> 0 | F47: =F48*$C$47 -> 0 | G47: =G48*$C$47 -> 0 | H47: =H48*$C$47 -> 0 | I47: =I48*$C$47 -> 0 | J47: =J48*$C$47 -> 0 | K47: =K48*$C$47 -> 0 | L47: =L48*$C$47 -> 0 | ... P47: =P48*$C$47 -> 28632.448 | Q47: =SUM(E47:P47) -> 34981.61 | R47: =C47-Q47 -> 0
O48: 0.1815 | P48: 0.8185 | Q48: =SUM(E48:P48) -> 1 | R48: =C48-Q48 -> -1
B49: TOTAL GERAL | C49: =SUM(C5:C48) -> 2499120.3 | D49: 1 | E49: =SUM(E5,E7,E9,E11,E13,E15,E17,E19,E21,E23,E25,E27,E29,E31,E33,E35,E37,E39,E41,E43,E45,E47) -> 145652.03 | F49: =SUM(F5,F7,F9,F11,F13,F15,F17,F19,F21,F23,F25,F27,F29,F31,F33,F35,F37,F39,F41,F43,F45,F47) -> 155796.56 | G49: =SUM(G5,G7,G9,G11,G13,G15,G17,G19,G21,G23,G25,G27,G29,G31,G33,G35,G37,G39,G41,G43,G45,G47) -> 78765.812 | H49: =SUM(H5,H7,H9,H11,H13,H15,H17,H19,H21,H23,H25,H27,H29,H31,H33,H35,H37,H39,H41,H43,H45,H47) -> 242754.2 | I49: =SUM(I5,I7,I9,I11,I13,I15,I17,I19,I21,I23,I25,I27,I29,I31,I33,I35,I37,I39,I41,I43,I45,I47) -> 278986.69 | J49: =SUM(J5,J7,J9,J11,J13,J15,J17,J19,J21,J23,J25,J27,J29,J31,J33,J35,J37,J39,J41,J43,J45,J47) -> 145260.37 | K49: =SUM(K5,K7,K9,K11,K13,K15,K17,K19,K21,K23,K25,K27,K29,K31,K33,K35,K37,K39,K41,K43,K45,K47) -> 167306.91 | L49: =SUM(L5,L7,L9,L11,L13,L15,L17,L19,L21,L23,L25,L27,L29,L31,L33,L35,L37,L39,L41,L43,L45,L47) -> 208785.43 | ... P49: =SUM(P5,P7,P9,P11,P13,P15,P17,P19,P21,P23,P25,P27,P29,P31,P33,P35,P37,P39,P41,P43,P45,P47) -> 71245.588 | Q49: =SUM(E49:P49) -> 2499120.3 | R49: =C49-Q49 -> 0
A50: PERCENTUAIS | E50: =E49/$C$49 -> 0.058281318 | F50: =F49/$C$49 -> 0.062340562 | G50: =G49/$C$49 -> 0.031517415 | H50: =H49/$C$49 -> 0.097135861 | I50: =I49/$C$49 -> 0.11163396 | J50: =J49/$C$49 -> 0.058124602 | K50: =K49/$C$49 -> 0.066946319 | L50: =L49/$C$49 -> 0.083543569 | ... P50: =P49/$C$49 -> 0.028508266 | R50: =C50-Q50 -> 0
A51: TOTAL ACUMULADO | E51: =E49 -> 145652.03 | F51: =E51+F49 -> 301448.59 | G51: =F51+G49 -> 380214.4 | H51: =G51+H49 -> 622968.61 | I51: =H51+I49 -> 901955.3 | J51: =I51+J49 -> 1047215.7 | K51: =J51+K49 -> 1214522.6 | L51: =K51+L49 -> 1423308 | M51: =L51+M49 -> 1727253.5 | ... P51: =O51+P49 -> 2499120.3
A52: PERCENTUAIS ACUMULADO | E52: =E51/$C$49 -> 0.058281318 | F52: =E52+F50 -> 0.12062188 | G52: =F52+G50 -> 0.15213929 | H52: =G52+H50 -> 0.24927516 | I52: =H52+I50 -> 0.36090911 | J52: =I52+J50 -> 0.41903372 | K52: =J52+K50 -> 0.48598003 | L52: =K52+L50 -> 0.5695236 | M52: =L52+M50 -> 0.69114459 | ... P52: =O52+P50 -> 1
E59: _______________________________________________________________ Barbara Dantas Fernandes ABART ENGENHARIA - Engenharia Civil - Socia Administradora CREA-RN 21160338-0 | P59: =C49-P51 -> 0

Sheet COMPOSIÇÃO
D2: Obra | E2: Bancos | G2: B.D.I. | I2: Encargos Sociais | N2: DESC | O2: ='Orçamento Sintético'!P3 -> 0.2195
D3: Construção da nova Promotoria de Justiça de Santana do Ipanema - Não desonerado | E3: SINAPI - 09/2024 - Alagoas ORSE - 06/2024 - Sergipe | G3: 22,47% | I3: Não Desonerado: Horista: 115,22% Mensalista: 70,31%
A4: Composições
A5: 1 | D5: ADMINISTRAÇÃO DE OBRA | N5: =I5 -> 0 | O5: =J5 -> 0
A6: 1.1 | B6: Código | C6: Banco | D6: Descrição | E6: Tipo | G6: Und | H6: Quant. | I6: Valor Unit | J6: Total | N6: Valor Unit | O6: Total
A7: Composição | B7: COMP - 12 | C7: Próprio | D7: ADMINISTRAÇÃO LOCAL | G7: un | H7: 1 | I7: =L7 -> 11761.74 | J7: =M7 -> 11761.74 | L7: =TRUNC(N7-N7*$O$2,2) -> 11761.74 | M7: =TRUNC(O7-O7*$O$2,2) -> 11761.74 | N7: 15069.5 | O7: 15069.5
A8: Composição Auxiliar | B8: 93572 | C8: SINAPI | D8: ENCARREGADO GERAL DE OBRAS COM ENCARGOS COMPLEMENTARES | E8: SEDI - SERVIÇOS DIVERSOS | G8: MES | H8: 1 | I8: =L8 -> 3572.73 | J8: =M8 -> 3572.73 | L8: =TRUNC(N8-N8*$O$2,2) -> 3572.73 | M8: =TRUNC(O8-O8*$O$2,2) -> 3572.73 | N8: 4577.5 | O8: 4577.5
A9: Composição Auxiliar | B9: 90778 | C9: SINAPI | D9: ENGENHEIRO CIVIL DE OBRA PLENO COM ENCARGOS COMPLEMENTARES | E9: SEDI - SERVIÇOS DIVERSOS | G9: H | H9: 80 | I9: =L9 -> 102.36 | J9: =M9 -> 8189 | L9: =TRUNC(N9-N9*$O$2,2) -> 102.36 | M9: =TRUNC(O9-O9*$O$2,2) -> 8189 | N9: 131.15 | O9: 10492
M10: =TRUNC(O10-O10*$O$2,2) -> 11227.35 | N10: MO com LS => | O10: 14384.82
H11: Valor com BDI => | J11: =M11 -> 14404.6 | L11: =TRUNC(N11-N11*$O$2,2) -> 0 | M11: =TRUNC(O11-O11*$O$2,2) -> 14404.6 | N11: 0 | O11: 18455.61
M12: =TRUNC(O12-O12*$O$2,2) -> 172855.24 | N12: Preço Total => | O12: 221467.32
L13: =TRUNC(N13-N13*$O$2,2) -> 0 | M13: =TRUNC(O13-O13*$O$2,2) -> 0 | N13: 0 | O13: 0
A14: 2 | D14: MOBILIZAÇÃO | L14: =TRUNC(N14-N14*$O$2,2) -> 0 | M14: =TRUNC(O14-O14*$O$2,2) -> 0 | N14: 0 | O14: 0
A15: 2.1 | B15: Código | C15: Banco | D15: Descrição | E15: Tipo | G15: Und | H15: Quant. | I15: Valor Unit | J15: Total
A16: Composição | B16: 92144 | C16: SINAPI | D16: CAMINHONETE CABINE SIMPLES COM MOTOR 1.6 FLEX, CÂMBIO MANUAL, POTÊNCIA 101/104 CV, 2 PORTAS - MATERIAIS NA OPERAÇÃO. AF_11/2015 | E16: CHOR - CUSTOS HORÁRIOS DE MÁQUINAS E EQUIPAMENTOS | G16: H | H16: 1 | I16: =L16 -> 32.52 | J16: =M16 -> 32.52 | L16: =TRUNC(N16-N16*$O$2,2) -> 32.52 | M16: =TRUNC(O16-O16*$O$2,2) -> 32.52 | N16: 41.67 | O16: 41.67
A17: Insumo | B17: 00004222 | C17: SINAPI | D17: GASOLINA COMUM | E17: Material | G17: L | H17: 6.69 | I17: =L17 -> 4.86 | J17: =M17 -> 32.52 | L17: =TRUNC(N17-N17*$O$2,2) -> 4.86 | M17: =TRUNC(O17-O17*$O$2,2) -> 32.52 | N17: 6.23 | O17: 41.67
M18: =TRUNC(O18-O18*$O$2,2) -> 0 | N18: MO com LS => | O18: 0
H19: Valor com BDI => | J19: =M19 -> 39.82 | L19: =TRUNC(N19-N19*$O$2,2) -> 0 | M19: =TRUNC(O19-O19*$O$2,2) -> 39.82 | N19: 0 | O19: 51.03
M20: =TRUNC(O20-O20*$O$2,2) -> 4779.46 | N20: Preço Total => | O20: 6123.6
L21: =TRUNC(N21-N21*$O$2,2) -> 0 | M21: =TRUNC(O21-O21*$O$2,2) -> 0 | N21: 0 | O21: 0
A22: 3 | D22: SERVIÇOS PRELIMINARES | L22: =TRUNC(N22-N22*$O$2,2) -> 0 | M22: =TRUNC(O22-O22*$O$2,2) -> 0 | N22: 0 | O22: 0
B23: Código | C23: Banco | D23: Descrição | E23: Tipo | G23: Und | H23: Quant. | I23: Valor Unit | J23: Total
A24: Insumo | B24: MP 003 | C24: Próprio | D24: ART DE EXECUÇÃO - CREA AL | E24: Equipamento | G24: und | H24: 1 | I24: =L24 -> 204.92 | J24: =M24 -> 204.92 | L24: =TRUNC(N24-N24*$O$2,2) -> 204.92 | M24: =TRUNC(O24-O24*$O$2,2) -> 204.92 | N24: 262.55 | O24: 262.55
M25: =TRUNC(O25-O25*$O$2,2) -> 0 | N25: MO com LS => | O25: 0
H26: Valor com BDI => | J26: =M26 -> 250.96 | L26: =TRUNC(N26-N26*$O$2,2) -> 0 | M26: =TRUNC(O26-O26*$O$2,2) -> 250.96 | N26: 0 | O26: 321.54
M27: =TRUNC(O27-O27*$O$2,2) -> 752.88 | N27: Preço Total => | O27: 964.62
L28: =TRUNC(N28-N28*$O$2,2) -> 0 | M28: =TRUNC(O28-O28*$O$2,2) -> 0 | N28: 0 | O28: 0
A29: 3.2 | B29: Código | C29: Banco | D29: Descrição | E29: Tipo | G29: Und | H29: Quant. | I29: Valor Unit | J29: Total
A30: Composição | B30: 97625 | C30: SINAPI | D30: DEMOLIÇÃO DE ALVENARIA PARA QUALQUER TIPO DE BLOCO, DE FORMA MECANIZADA, SEM REAPROVEITAMENTO. AF_09/2023 | E30: SERP - SERVIÇOS PRELIMINARES | G30: m³ | H30: 1 | I30: =L30 -> 39.14 | J30: =M30 -> 39.14 | L30: =TRUNC(N30-N30*$O$2,2) -> 39.14 | M30: =TRUNC(O30-O30*$O$2,2) -> 39.14 | N30: 50.16 | O30: 50.16
A31: Composição Auxiliar | B31: 5940 | C31: SINAPI | D31: PÁ CARREGADEIRA SOBRE RODAS, POTÊNCIA LÍQUIDA 128 HP, CAPACIDADE DA CAÇAMBA 1,7 A 2,8 M3, PESO OPERACIONAL 11632 KG - CHP DIURNO. AF_06/2014 | E31: CHOR - CUSTOS HORÁRIOS DE MÁQUINAS E EQUIPAMENTOS | G31: CHP | H31: 0.24 | I31: =L31 -> 133.74 | J31: =M31 -> 32.09 | L31: =TRUNC(N31-N31*$O$2,2) -> 133.74 | M31: =TRUNC(O31-O31*$O$2,2) -> 32.09 | N31: 171.36 | O31: 41.12
A32: Composição Auxiliar | B32: 5942 | C32: SINAPI | D32: PÁ CARREGADEIRA SOBRE RODAS, POTÊNCIA LÍQUIDA 128 HP, CAPACIDADE DA CAÇAMBA 1,7 A 2,8 M3, PESO OPERACIONAL 11632 KG - CHI DIURNO. AF_06/2014 | E32: CHOR - CUSTOS HORÁRIOS DE MÁQUINAS E EQUIPAMENTOS | G32: CHI | H32: 0.1394 | I32: =L32 -> 50.64 | J32: =M32 -> 7.05 | L32: =TRUNC(N32-N32*$O$2,2) -> 50.64 | M32: =TRUNC(O32-O32*$O$2,2) -> 7.05 | N32: 64.89 | O32: 9.04
M33: =TRUNC(O33-O33*$O$2,2) -> 4.87 | N33: MO com LS => | O33: 6.24
H34: Valor com BDI => | J34: =M34 -> 47.94 | L34: =TRUNC(N34-N34*$O$2,2) -> 0 | M34: =TRUNC(O34-O34*$O$2,2) -> 47.94 | N34: 0 | O34: 61.43
M35: =TRUNC(O35-O35*$O$2,2) -> 1363.04 | N35: Preço Total => | O35: 1746.37
L36: =TRUNC(N36-N36*$O$2,2) -> 0 | M36: =TRUNC(O36-O36*$O$2,2) -> 0 | N36: 0 | O36: 0
A37: 3.3 | B37: Código | C37: Banco | D37: Descrição | E37: Tipo | G37: Und | H37: Quant. | I37: Valor Unit | J37: Total
A38: Composição | B38: 97627 | C38: SINAPI | D38: DEMOLIÇÃO DE PILARES E VIGAS EM CONCRETO ARMADO, DE FORMA MECANIZADA COM MARTELETE, SEM REAPROVEITAMENTO. AF_09/2023 | E38: SERP - SERVIÇOS PRELIMINARES | G38: m³ | H38: 1 | I38: =L38 -> 119.29 | J38: =M38 -> 119.29 | L38: =TRUNC(N38-N38*$O$2,2) -> 119.29 | M38: =TRUNC(O38-O38*$O$2,2) -> 119.29 | N38: 152.84 | O38: 152.84
A39: Composição Auxiliar | B39: 88309 | C39: SINAPI | D39: PEDREIRO COM ENCARGOS COMPLEMENTARES | E39: SEDI - SERVIÇOS DIVERSOS | G39: H | H39: 0.2034 | I39: =L39 -> 19.38 | J39: =M39 -> 3.94 | L39: =TRUNC(N39-N39*$O$2,2) -> 19.38 | M39: =TRUNC(O39-O39*$O$2,2) -> 3.94 | N39: 24.84 | O39: 5.05
A40: Composição Auxiliar | B40: 102275 | C40: SINAPI | D40: MARTELO DEMOLIDOR ELÉTRICO, COM POTÊNCIA DE 2.000 W, 1.000 IMPACTOS POR MINUTO, PESO DE 30 KG - CHP DIURNO. AF_01/2021 | E40: CHOR - CUSTOS HORÁRIOS DE MÁQUINAS E EQUIPAMENTOS | G40: CHP | H40: 3.2468 | I40: =L40 -> 17.53 | J40: =M40 -> 56.93 | L40: =TRUNC(N40-N40*$O$2,2) -> 17.53 | M40: =TRUNC(O40-O40*$O$2,2) -> 56.93 | N40: 22.47 | O40: 72.95
A41: Composição Auxiliar | B41: 102274 | C41: SINAPI | D41: MARTELO DEMOLIDOR ELÉTRICO, COM POTÊNCIA DE 2.000 W, 1.000 IMPACTOS POR MINUTO, PESO DE 30 KG - CHI DIURNO. AF_01/2021 | E41: CHOR - CUSTOS HORÁRIOS DE MÁQUINAS E EQUIPAMENTOS | G41: CHI | H41: 2.504 | I41: =L41 -> 15.36 | J41: =M41 -> 38.45 | L41: =TRUNC(N41-N41*$O$2,2) -> 15.36 | M41: =TRUNC(O41-O41*$O$2,2) -> 38.45 | N41: 19.68 | O41: 49.27
A42: Composição Auxiliar | B42: 88316 | C42: SINAPI | D42: SERVENTE COM ENCARGOS COMPLEMENTARES | E42: SEDI - SERVIÇOS DIVERSOS | G42: H | H42: 1.2609 | I42: =L42 -> 15.82 | J42: =M42 -> 19.95 | L42: =TRUNC(N42-N42*$O$2,2) -> 15.82 | M42: =TRUNC(O42-O42*$O$2,2) -> 19.95 | N42: 20.28 | O42: 25.57
M43: =TRUNC(O43-O43*$O$2,2) -> 78.19 | N43: MO com LS => | O43: 100.19
H44: Valor com BDI => | J44: =M44 -> 146.09 | L44: =TRUNC(N44-N44*$O$2,2) -> 0 | M44: =TRUNC(O44-O44*$O$2,2) -> 146.09 | N44: 0 | O44: 187.18
M45: =TRUNC(O45-O45*$O$2,2) -> 345.47 | N45: Preço Total => | O45: 442.63
L46: =TRUNC(N46-N46*$O$2,2) -> 0 | M46: =TRUNC(O46-O46*$O$2,2) -> 0 | N46: 0 | O46: 0
A47: 3.4 | B47: Código | C47: Banco | D47: Descrição | E47: Tipo | G47: Und | H47: Quant. | I47: Valor Unit | J47: Total
A48: Composição | B48: 104790 | C48: SINAPI | D48: DEMOLIÇÃO DE PISO DE CONCRETO SIMPLES, DE FORMA MECANIZADA COM MARTELETE, SEM REAPROVEITAMENTO. AF_09/2023 | E48: SERP - SERVIÇOS PRELIMINARES | G48: m³ | H48: 1 | I48: =L48 -> 77.8 | J48: =M48 -> 77.8 | L48: =TRUNC(N48-N48*$O$2,2) -> 77.8 | M48: =TRUNC(O48-O48*$O$2,2) -> 77.8 | N48: 99.68 | O48: 99.68
A49: Composição Auxiliar | B49: 88309 | C49: SINAPI | D49: PEDREIRO COM ENCARGOS COMPLEMENTARES | E49: SEDI - SERVIÇOS DIVERSOS | G49: H | H49: 0.0722 | I49: =L49 -> 19.38 | J49: =M49 -> 1.39 | L49: =TRUNC(N49-N49*$O$2,2) -> 19.38 | M49: =TRUNC(O49-O49*$O$2,2) -> 1.39 | N49: 24.84 | O49: 1.79
A50: Composição Auxiliar | B50: 5952 | C50: SINAPI | D50: MARTELETE OU ROMPEDOR PNEUMÁTICO MANUAL, 28 KG, COM SILENCIADOR - CHI DIURNO. AF_07/2016 | E50: CHOR - CUSTOS HORÁRIOS DE MÁQUINAS E EQUIPAMENTOS | G50: CHI | H50: 0.8695 | I50: =L50 -> 16.3 | J50: =M50 -> 14.17 | L50: =TRUNC(N50-N50*$O$2,2) -> 16.3 | M50: =TRUNC(O50-O50*$O$2,2) -> 14.17 | N50: 20.89 | O50: 18.16
A51: Composição Auxiliar | B51: 88316 | C51: SINAPI | D51: SERVENTE COM ENCARGOS COMPLEMENTARES | E51: SEDI - SERVIÇOS DIVERSOS | G51: H | H51: 0.4479 | I51: =L51 -> 15.82 | J51: =M51 -> 7.08 | L51: =TRUNC(N51-N51*$O$2,2) -> 15.82 | M51: =TRUNC(O51-O51*$O$2,2) -> 7.08 | N51: 20.28 | O51: 9.08
A52: Composição Auxiliar | B52: 90964 | C52: SINAPI | D52: COMPRESSOR DE AR REBOCÁVEL, VAZÃO 89 PCM, PRESSÃO EFETIVA DE TRABALHO 102 PSI, MOTOR DIESEL, POTÊNCIA 20 CV - CHP DIURNO. AF_06/2015 | E52: CHOR - CUSTOS HORÁRIOS DE MÁQUINAS E EQUIPAMENTOS | G52: CHP | H52: 1.137 | I52: =L52 -> 25.23 | J52: =M52 -> 28.68 | L52: =TRUNC(N52-N52*$O$2,2) -> 25.23 | M52: =TRUNC(O52-O52*$O$2,2) -> 28.68 | N52: 32.33 | O52: 36.75
A53: Composição Auxiliar | B53: 5795 | C53: SINAPI | D53: MARTELETE OU ROMPEDOR PNEUMÁTICO MANUAL, 28 KG, COM SILENCIADOR - CHP DIURNO. AF_07/2016 | E53: CHOR - CUSTOS HORÁRIOS DE MÁQUINAS E EQUIPAMENTOS | G53: CHP | H53: 1.137 | I53: =L53 -> 18.01 | J53: =M53 -> 20.48 | L53: =TRUNC(N53-N53*$O$2,2) -> 18.01 | M53: =TRUNC(O53-O53*$O$2,2) -> 20.48 | N53: 23.08 | O53: 26.24
A54: Composição Auxiliar | B54: 90965 | C54: SINAPI | D54: COMPRESSOR DE AR REBOCÁVEL, VAZÃO 89 PCM, PRESSÃO EFETIVA DE TRABALHO 102 PSI, MOTOR DIESEL, POTÊNCIA 20 CV - CHI DIURNO. AF_06/2015 | E54: CHOR - CUSTOS HORÁRIOS DE MÁQUINAS E EQUIPAMENTOS | G54: CHI | H54: 0.8695 | I54: =L54 -> 6.88 | J54: =M54 -> 5.97 | L54: =TRUNC(N54-N54*$O$2,2) -> 6.88 | M54: =TRUNC(O54-O54*$O$2,2) -> 5.97 | N54: 8.82 | O54: 7.66
M55: =TRUNC(O55-O55*$O$2,2) -> 27.38 | N55: MO com LS => | O55: 35.09
H56: Valor com BDI => | J56: =M56 -> 95.27 | L56: =TRUNC(N56-N56*$O$2,2) -> 0 | M56: =TRUNC(O56-O56*$O$2,2) -> 95.27 | N56: 0 | O56: 122.07
M57: =TRUNC(O57-O57*$O$2,2) -> 342.99 | N57: Preço Total => | O57: 439.45
L58: =TRUNC(N58-N58*$O$2,2) -> 0 | M58: =TRUNC(O58-O58*$O$2,2) -> 0 | N58: 0 | O58: 0
A59: 3.5 | B59: Código | C59: Banco | D59: Descrição | E59: Tipo | G59: Und | H59: Quant. | I59: Valor Unit | J59: Total
A60: Composição | B60: 9937 | C60: ORSE | D60: Limpeza mecanizada do terreno c/ retroescavadeira (vegetação rasteira) inclusive carga e transporte - dmt até 1km | E60: Serviços Iniciais de Obras Civis | G60: m² | H60: 1 | I60: =L60 -> 1.47 | J60: =M60 -> 1.47 | L60: =TRUNC(N60-N60*$O$2,2) -> 1.47 | M60: =TRUNC(O60-O60*$O$2,2) -> 1.47 | N60: 1.89 | O60: 1.89
B61: Código | C61: Banco | D61: Descrição | E61: Tipo | G61: Und | H61: Quant. | I61: Valor Unit | J61: Total
A62: Insumo | B62: 54 | C62: ORSE | D62: Encarregado de turma - SICRO | E62: Mão de Obra | G62: h | H62: 0.003 | I62: =L62 -> 14.26 | J62: =M62 -> 0.03 | L62: =TRUNC(N62-N62*$O$2,2) -> 14.26 | M62: =TRUNC(O62-O62*$O$2,2) -> 0.03 | N62: 18,28 | O62: 0,05
A63: Insumo | B63: 2482 | C63: ORSE | D63: Retroescavadeira pneus (Massey Ferguson MF - 86 HF ou equivalente) | E63: Equipamento | G63: h | H63: 0.003 | I63: =L63 -> 59.76 | J63: =M63 -> 0.17 | L63: =TRUNC(N63-N63*$O$2,2) -> 59.76 | M63: =TRUNC(O63-O63*$O$2,2) -> 0.17 | N63: 76,57 | O63: 0,22
A64: Insumo | B64: 00006111/SINAPI | C64: ORSE | D64: Servente de obras (horista) | E64: Mão de Obra | G64: h | H64: 0.02 | I64: =L64 -> 10.65 | J64: =M64 -> 0.21 | L64: =TRUNC(N64-N64*$O$2,2) -> 10.65 | M64: =TRUNC(O64-O64*$O$2,2) -> 0.21 | N64: 13,65 | O64: 0,27
A65: Composição | B65: 10549 | C65: ORSE | D65: Encargos Complementares - Servente | E65: Provisórios | G65: h | H65: 0.02 | I65: =L65 -> 2.95 | J65: =M65 -> 0.05 | L65: =TRUNC(N65-N65*$O$2,2) -> 2.95 | M65: =TRUNC(O65-O65*$O$2,2) -> 0.05 | N65: 3,79 | O65: 0,07
A66: Insumo | B66: 2477 | C66: ORSE | D66: Pá - carregadeira de esteira 1,53m3 (cat - 953 - 130,0 hp) | E66: Equipamento | G66: h | H66: 0.0047 | I66: =L66 -> 124.96 | J66: =M66 -> 0.58 | L66: =TRUNC(N66-N66*$O$2,2) -> 124.96 | M66: =TRUNC(O66-O66*$O$2,2) -> 0.58 | N66: 160,11 | O66: 0,75
A67: Insumo | B67: 2451 | C67: ORSE | D67: Caminhao basc. 9 t/6,0 m3 (m. benz - 1315 -150,0 kw) | E67: Equipamento | G67: h | H67: 0.012 | I67: =L67 -> 36.8 | J67: =M67 -> 0.43 | L67: =TRUNC(N67-N67*$O$2,2) -> 36.8 | M67: =TRUNC(O67-O67*$O$2,2) -> 0.43 | N67: 47,16 | O67: 0,56
A68: Detalhamento de Cálculo ORSE | L68: =TRUNC(N68-N68*$O$2,2) -> 0 | M68: =TRUNC(O68-O68*$O$2,2) -> 0 | N68: 0 | O68: 0
B69: Código | C69: Banco | D69: Descrição | E69: Tipo | G69: Und | H69: Quant. | I69: Valor Unit | J69: Total
A70: Insumo | B70: 00012892/SINAPI | C70: ORSE | D70: Luva raspa de couro, cano curto (punho *7* cm) | E70: Material | G70: par | H70: 4.6e-05 | I70: =L70 -> 9.48 | J70: =M70 -> 0 | L70: =TRUNC(N70-N70*$O$2,2) -> 9.48 | M70: =TRUNC(O70-O70*$O$2,2) -> 0 | N70: 12,15 | O70: 0,00
A71: Insumo | B71: 2451 | C71: ORSE | D71: Caminhao basc. 9 t/6,0 m3 (m. benz - 1315 -150,0 kw) | E71: Equipamento | G71: h | H71: 0.012 | I71: =L71 -> 36.8 | J71: =M71 -> 0.43 | L71: =TRUNC(N71-N71*$O$2,2) -> 36.8 | M71: =TRUNC(O71-O71*$O$2,2) -> 0.43 | N71: 47,16 | O71: 0,56
A72: Insumo | B72: 4729 | C72: ORSE | D72: Marreta 1 kg com cabo | E72: Material | G72: un | H72: 2e-06 | I72: =L72 -> 24.58 | J72: =M72 -> 0 | L72: =TRUNC(N72-N72*$O$2,2) -> 24.58 | M72: =TRUNC(O72-O72*$O$2,2) -> 0 | N72: 31,50 | O72: 0,00
A73: Insumo | B73: 00006111/SINAPI | C73: ORSE | D73: Servente de obras (horista) | E73: Mão de Obra | G73: h | H73: 0.02 | I73: =L73 -> 10.65 | J73: =M73 -> 0.21 | L73: =TRUNC(N73-N73*$O$2,2) -> 10.65 | M73: =TRUNC(O73-O73*$O$2,2) -> 0.21 | N73: 13,65 | O73: 0,27
A74: Insumo | B74: 1651 | C74: ORSE | D74: Óculos branco proteção | E74: Material | G74: pr | H74: 1.6e-05 | I74: =L74 -> 4.95 | J74: =M74 -> 0 | L74: =TRUNC(N74-N74*$O$2,2) -> 4.95 | M74: =TRUNC(O74-O74*$O$2,2) -> 0 | N74: 6,35 | O74: 0,00
A75: Insumo | B75: 10761 | C75: ORSE | D75: Refeição - café da manhã ( café com leite e dois pães com manteiga) | E75: Serviços | G75: un | H75: 0.002036 | I75: =L75 -> 3.9 | J75: =M75 -> 0 | L75: =TRUNC(N75-N75*$O$2,2) -> 3.9 | M75: =TRUNC(O75-O75*$O$2,2) -> 0 | N75: 5,00 | O75: 0,01
A76: Insumo | B76: 00002711/SINAPI | C76: ORSE | D76: Carrinho de mao de aco capacidade 50 a 60 l, pneu com camara | E76: Material | G76: un | H76: 4e-06 | I76: =L76 -> 140.49 | J76: =M76 -> 0 | L76: =TRUNC(N76-N76*$O$2,2) -> 140.49 | M76: =TRUNC(O76-O76*$O$2,2) -> 0 | N76: 180,00 | O76: 0,00
A77: Insumo | B77: 10599 | C77: ORSE | D77: Protetor solar fps 30 com 120ml | E77: Material | G77: un | H77: 3.6e-05 | I77: =L77 -> 14.04 | J77: =M77 -> 0 | L77: =TRUNC(N77-N77*$O$2,2) -> 14.04 | M77: =TRUNC(O77-O77*$O$2,2) -> 0 | N77: 18,00 | O77: 0,00
A78: Insumo | B78: 10788 | C78: ORSE | D78: Pá quadrada | E78: Material | G78: un | H78: 4e-06 | I78: =L78 -> 28.8 | J78: =M78 -> 0 | L78: =TRUNC(N78-N78*$O$2,2) -> 28.8 | M78: =TRUNC(O78-O78*$O$2,2) -> 0 | N78: 36,90 | O78: 0,00
A79: Insumo | B79: 941 | C79: ORSE | D79: Fardamento com mangas curta | E79: Material | G79: un | H79: 3e-05 | I79: =L79 -> 148.56 | J79: =M79 -> 0 | L79: =TRUNC(N79-N79*$O$2,2) -> 148.56 | M79: =TRUNC(O79-O79*$O$2,2) -> 0 | N79: 190,35 | O79: 0,00
A80: Insumo | B80: 00012895/SINAPI | C80: ORSE | D80: Capacete de seguranca aba frontal com suspensao de polietileno, sem jugular (classe b) | E80: Material | G80: un | H80: 1.2e-05 | I80: =L80 -> 10.53 | J80: =M80 -> 0 | L80: =TRUNC(N80-N80*$O$2,2) -> 10.53 | M80: =TRUNC(O80-O80*$O$2,2) -> 0 | N80: 13,50 | O80: 0,00
A81: Insumo | B81: 2378 | C81: ORSE | D81: Vale transporte | E81: Material | G81: un | H81: 0.001882 | I81: =L81 -> 3.51 | J81: =M81 -> 0 | L81: =TRUNC(N81-N81*$O$2,2) -> 3.51 | M81: =TRUNC(O81-O81*$O$2,2) -> 0 | N81: 4,50 | O81: 0,00
A82: Insumo | B82: 00012893/SINAPI | C82: ORSE | D82: Bota de seguranca com biqueira de aco e colarinho acolchoado | E82: Material | G82: par | H82: 1.6e-05 | I82: =L82 -> 50.57 | J82: =M82 -> 0 | L82: =TRUNC(N82-N82*$O$2,2) -> 50.57 | M82: =TRUNC(O82-O82*$O$2,2) -> 0 | N82: 64,80 | O82: 0,00
A83: Insumo | B83: 10492 | C83: ORSE | D83: Cesta Básica | E83: Material | G83: un | H83: 9e-05 | I83: =L83 -> 148.29 | J83: =M83 -> 0 | L83: =TRUNC(N83-N83*$O$2,2) -> 148.29 | M83: =TRUNC(O83-O83*$O$2,2) -> 0 | N83: 190,00 | O83: 0,01
A84: Insumo | B84: 00012894/SINAPI | C84: ORSE | D84: Capa para chuva em pvc com forro de poliester, com capuz (amarela ou azul) | E84: Material | G84: un | H84: 4e-06 | I84: =L84 -> 13.69 | J84: =M84 -> 0 | L84: =TRUNC(N84-N84*$O$2,2) -> 13.69 | M84: =TRUNC(O84-O84*$O$2,2) -> 0 | N84: 17,55 | O84: 0,00
A85: Insumo | B85: 4728 | C85: ORSE | D85: Talhadeira chata 10" | E85: Material | G85: un | H85: 6e-06 | I85: =L85 -> 14.5 | J85: =M85 -> 0 | L85: =TRUNC(N85-N85*$O$2,2) -> 14.5 | M85: =TRUNC(O85-O85*$O$2,2) -> 0 | N85: 18,58 | O85: 0,00
A86: Insumo | B86: 2477 | C86: ORSE | D86: Pá - carregadeira de esteira 1,53m3 (cat - 953 - 130,0 hp) | E86: Equipamento | G86: h | H86: 0.0047 | I86: =L86 -> 124.96 | J86: =M86 -> 0.58 | L86: =TRUNC(N86-N86*$O$2,2) -> 124.96 | M86: =TRUNC(O86-O86*$O$2,2) -> 0.58 | N86: 160,11 | O86: 0,75
A87: Insumo | B87: 10517 | C87: ORSE | D87: Exames admissionais/demissionais (checkup) | E87: Serviços | G87: cj | H87: 8e-06 | I87: =L87 -> 234.15 | J87: =M87 -> 0 | L87: =TRUNC(N87-N87*$O$2,2) -> 234.15 | M87: =TRUNC(O87-O87*$O$2,2) -> 0 | N87: 300,00 | O87: 0,00
A88: Insumo | B88: 10596 | C88: ORSE | D88: Protetor auricular | E88: Material | G88: un | H88: 9e-05 | I88: =L88 -> 3.82 | J88: =M88 -> 0 | L88: =TRUNC(N88-N88*$O$2,2) -> 3.82 | M88: =TRUNC(O88-O88*$O$2,2) -> 0 | N88: 4,90 | O88: 0,00
A89: Insumo | B89: 54 | C89: ORSE | D89: Encarregado de turma - SICRO | E89: Mão de Obra | G89: h | H89: 0.003 | I89: =L89 -> 14.26 | J89: =M89 -> 0.03 | L89: =TRUNC(N89-N89*$O$2,2) -> 14.26 | M89: =TRUNC(O89-O89*$O$2,2) -> 0.03 | N89: 18,28 | O89: 0,05
A90: Insumo | B90: 10362 | C90: ORSE | D90: Seguro de vida e acidente em grupo | E90: Serviços | G90: un | H90: 9e-05 | I90: =L90 -> 9.78 | J90: =M90 -> 0 | L90: =TRUNC(N90-N90*$O$2,2) -> 9.78 | M90: =TRUNC(O90-O90*$O$2,2) -> 0 | N90: 12,54 | O90: 0,00
A91: Insumo | B91: 158 | C91: ORSE | D91: Almoço (Participação do empregador) | E91: Material | G91: un | H91: 0.002036 | I91: =L91 -> 10.92 | J91: =M91 -> 0.01 | L91: =TRUNC(N91-N91*$O$2,2) -> 10.92 | M91: =TRUNC(O91-O91*$O$2,2) -> 0.01 | N91: 14,00 | O91: 0,02
A92: Insumo | B92: 2482 | C92: ORSE | D92: Retroescavadeira pneus (Massey Ferguson MF - 86 HF ou equivalente) | E92: Equipamento | G92: h | H92: 0.003 | I92: =L92 -> 59.76 | J92: =M92 -> 0.17 | L92: =TRUNC(N92-N92*$O$2,2) -> 59.76 | M92: =TRUNC(O92-O92*$O$2,2) -> 0.17 | N92: 76,57 | O92: 0,22
M93: =TRUNC(O93-O93*$O$2,2) -> 0.24 | N93: MO com LS => | O93: 0.32
H94: Valor com BDI => | J94: =M94 -> 1.8 | L94: =TRUNC(N94-N94*$O$2,2) -> 0 | M94: =TRUNC(O94-O94*$O$2,2) -> 1.8 | N94: 0 | O94: 2.31
M95: =TRUNC(O95-O95*$O$2,2) -> 2367.74 | N95: Preço Total => | O95: 3033.63
L96: =TRUNC(N96-N96*$O$2,2) -> 0 | M96: =TRUNC(O96-O96*$O$2,2) -> 0 | N96: 0 | O96: 0
A97: 3.6 | B97: Código | C97: Banco | D97: Descrição | E97: Tipo | G97: Und | H97: Quant. | I97: Valor Unit | J97: Total
A98: Composição | B98: 103689 | C98: SINAPI | D98: FORNECIMENTO E INSTALAÇÃO DE PLACA DE OBRA COM CHAPA GALVANIZADA E ESTRUTURA DE MADEIRA. AF_03/2022_PS | E98: PAVI - PAVIMENTAÇÃO | G98: m² | H98: 1 | I98: =L98 -> 361.41 | J98: =M98 -> 361.41 | L98: =TRUNC(N98-N98*$O$2,2) -> 361.41 | M98: =TRUNC(O98-O98*$O$2,2) -> 361.41 | N98: 463.06 | O98: 463.06
A99: Composição Auxiliar | B99: 88262 | C99: SINAPI | D99: CARPINTEIRO DE FORMAS COM ENCARGOS COMPLEMENTARES | E99: SEDI - SERVIÇOS DIVERSOS | G99: H | H99: 0.3729 | I99: =L99 -> 19.12 | J99: =M99 -> 7.12 | L99: =TRUNC(N99-N99*$O$2,2) -> 19.12 | M99: =TRUNC(O99-O99*$O$2,2) -> 7.12 | N99: 24.5 | O99: 9.13
A100: Composição Auxiliar | B100: 88316 | C100: SINAPI | D100: SERVENTE COM ENCARGOS COMPLEMENTARES | E100: SEDI - SERVIÇOS DIVERSOS | G100: H | H100: 1.1186 | I100: =L100 -> 15.82 | J100: =M100 -> 17.7 | L100: =TRUNC(N100-N100*$O$2,2) -> 15.82 | M100: =TRUNC(O100-O100*$O$2,2) -> 17.7 | N100: 20.28 | O100: 22.68
A101: Composição Auxiliar | B101: 102234 | C101: SINAPI | D101: PINTURA IMUNIZANTE PARA MADEIRA, 2 DEMÃOS. AF_01/2021 | E101: PINT - PINTURAS | G101: m² | H101: 0.5 | I101: =L101 -> 18.49 | J101: =M101 -> 9.24 | L101: =TRUNC(N101-N101*$O$2,2) -> 18.49 | M101: =TRUNC(O101-O101*$O$2,2) -> 9.24 | N101: 23.69 | O101: 11.84
...

Sheet BDI 
A2: MINISTÉRIO PÚBLICO DO ESTADO DE ALAGOAS
A3: Objeto: | B3: Construção da nova Promotoria de Justiça de Santana do Ipanema - Não desonerado
A4: Local: | B4: Santana do Ipanema
A5: Tipo de obra: | B5: Construção de edifícios
A6: COMPOSIÇÃO ANALÍTICA DE BDI
A7: Faixa de BDI* (Acórdão 2622/2013 – TCU – Plenário): | B7: 20,34% a 25,00%
A9: DESCRIÇÃO | B9: VALORES DE REFERÊNCIA - % | E9: BDI ADOTADO - % (Inserir percentuais)
B10: 1º Quartil | C10: Médio | D10: 3º Quartil
A11: Administração Central (AC) | B11: 0.03 | C11: 0.04 | D11: 0.055 | E11: 3
A12: Seguro e Garantia (S+G) | B12: 0.008 | C12: 0.008 | D12: 0.01 | E12: 0.8
A13: Risco (R) | B13: 0.0097 | C13: 0.0127 | D13: 0.0127 | E13: 0.97
A14: Despesas Financeiras (DF) | B14: 0.0059 | C14: 0.0123 | D14: 0.0139 | E14: 0.59
A15: Lucro (L) | B15: 0.0616 | C15: 0.074 | D15: 0.0896 | E15: 6.16
A16: Impostos** (soma dos itens abaixo) | E16: =SUM(E17:E20) -> 8.65
A17: COFINS | B17: Conforme Legislação específica. | E17: 3
A18: PIS | E18: 0.65
A19: ISS*** | E19: 5
A20: INSS (Alíquota desoneração)**** | B20: 0.045 | C20: 0.045 | D20: 0.045 | E20: 0
A21: TOTAL* | E21: =TRUNC(((((1+E11/100+E12/100+E13/100)*(1+E14/100)*(1+E15/100))/(1-E16/100))-1)*100,2) -> 22.47
A22: (*) Item 9.2.1 Acórdão 2622/2013 - TCU - Plenário: Quando a taxa de BDI indicada pelo Tomador estiver fora dos patamares estipulados, o detalhamento do BDI deve ser acompanhado de relatório técnico circunstanciado, justificando a adoção do percentual adotado para cada parcela do BDI, assinado pelo profissional responsável técnico do orçamento, usando como diretriz os percentuais apresentados na tabela acima.
A23: (**) Os percentuais de Impostos a serem adotados devem ser indicados pelo Tomador, conforme legislação vigente.
A24: (***) Item 9.3.2.3 Acórdão 2622/2013 - TCU - Plenário: Para o ISS, deverão ser definidos pelo Tomador, através de declaração informativa, conforme legislação tributária municipal, a base de cálculo e, sobre esta, a respectiva alíquota do ISS, que será um percentual entre 2% e 5%.
A25: (****) A análise da planilha orçamentária COM Desoneração possibilita a consideração de alíquota de 4,5% na composição do BDI, no item tributos.
A26: Fonte da composição, valores de referência e fórmula do BDI: Acórdão 2622/2013 – TCU – Plenário
A27: Onde:
A28: AC: Administração Central
A29: S: Seguro
A30: R: Risco
A31: G: Garantia
A32: DF: Despesas Financeiras
A33: L: Lucro
... A36: _______________________________________________________________ Barbara Dantas Fernandes ABART ENGENHARIA - Engenharia Civil - Socia Administradora CREA-RN 21160338-0

Sheet ENCARGOS
A46: _______________________________________________________________ Barbara Dantas Fernandes ABART ENGENHARIA - Engenharia Civil - Socia Administradora CREA-RN 21160338-0

Sheet CURVA ABC
N1: valor total | O1: 3197835.4
D2: Construção da nova Promotoria de Justiça de Santana do Ipanema - Não desonerado | E2: SINAPI - 09/2024 - Alagoas ORSE - 06/2024 - Sergipe | G2: 22,47% | I2: Não Desonerado: Horista: 115,22% Mensalista: 70,31% | N2: valor desc | O2: 2499989 | P2: =1-O2/O1 -> 0.21822462
A3: Orçamento Sintético | N3: =O2-O3 -> 2499989 | O3: =H501 -> 0 | P3: 0.2195
A4: Item | B4: Código | C4: Banco | D4: Descrição | E4: Und | F4: Quant. | G4: Valor Unit | H4: Valor Unit com BDI | I4: Total | J4: Peso (%) | L4: Valor Unit | M4: Valor Unit com BDI | N4: Total
A5: 1.1 | B5: COMP - 12 | C5: Próprio | D5: ADMINISTRAÇÃO LOCAL | E5: un | F5: 12 | G5: =TRUNC(L5-L5*$P$3,2) -> 11761.74 | H5: =TRUNC(M5-M5*$P$3,2) -> 14404.6 | I5: =ROUND(F5*H5,2) -> 172855.2 | J5: 0.069255384 | L5: 15069.5 | M5: 18455.61 | N5: 221467.32
A6: 5.3.2.1 | B6: 92468 | C6: SINAPI | D6: MONTAGEM E DESMONTAGEM DE FÔRMA DE VIGA, ESCORAMENTO METÁLICO, PÉ-DIREITO SIMPLES, EM CHAPA DE MADEIRA PLASTIFICADA, 10 UTILIZAÇÕES. AF_09/2020 | E6: m² | F6: 1106.07 | G6: =TRUNC(L6-L6*$P$3,2) -> 125.9 | H6: =TRUNC(M6-M6*$P$3,2) -> 154.18 | I6: =ROUND(F6*H6,2) -> 170533.87 | J6: 0.068328758 | L6: 161.31 | M6: 197.55 | N6: 218504.12
A7: 5.4.2 | B7: 92488 | C7: SINAPI | D7: MONTAGEM E DESMONTAGEM DE FÔRMA DE LAJE NERVURADA COM CUBETA E ASSOALHO, PÉ-DIREITO DUPLO, EM CHAPA DE MADEIRA COMPENSADA RESINADA, 8 UTILIZAÇÕES. AF_09/2020 | E7: m² | F7: 580.66 | G7: =TRUNC(L7-L7*$P$3,2) -> 115.13 | H7: =TRUNC(M7-M7*$P$3,2) -> 140.99 | I7: =ROUND(F7*H7,2) -> 81867.25 | J7: 0.032802257 | L7: 147.51 | M7: 180.65 | N7: 104896.22
A8: 20.13 | B8: MP-0077 | C8: Próprio | D8: Caixa acorrida (1,70 x 1,80m) em estrutura em concreto armado e fechamento em pele de vidro, em vidro laminado 3+3 refletivo p/ plataforma de acessibilidade , conforme projeto, inclusive fundação. | E8: un | F8: 1 | G8: =TRUNC(L8-L8*$P$3,2) -> 63304.25 | H8: =TRUNC(M8-M8*$P$3,2) -> 77528.71 | I8: =ROUND(F8*H8,2) -> 77528.71 | J8: 0.031062299 | L8: 81107.31 | M8: 99332.12 | N8: 99332.12
A9: 10.1.3 | B9: 7607 | C9: ORSE | D9: Revestimento cerâmico para parede, 10 x 10 cm, Tecnogres, linha Brilhante, ref. BR10070 ou similar, aplicado com argamassa industrializada ac-iii, rejuntado, exclusive regularização de base ou emboço - Rev 04 | E9: m² | F9: 828.54 | G9: =TRUNC(L9-L9*$P$3,2) -> 75.24 | H9: =TRUNC(M9-M9*$P$3,2) -> 92.14 | I9: =ROUND(F9*H9,2) -> 76341.68 | J9: 0.030588638 | L9: 96.4 | M9: 118.06 | N9: 97817.43
A10: 6.1.1 | B10: 103328 | C10: SINAPI | D10: ALVENARIA DE VEDAÇÃO DE BLOCOS CERÂMICOS FURADOS NA HORIZONTAL DE 9X19X19 CM (ESPESSURA 9 CM) E ARGAMASSA DE ASSENTAMENTO COM PREPARO EM BETONEIRA. AF_12/2021 | E10: m² | F10: 804.16 | G10: =TRUNC(L10-L10*$P$3,2) -> 67.3 | H10: =TRUNC(M10-M10*$P$3,2) -> 82.42 | I10: =ROUND(F10*H10,2) -> 66278.87 | J10: 0.026555241 | L10: 86.23 | M10: 105.6 | N10: 84919.29
A11: 10.2.1 | B11: 87263 | C11: SINAPI | D11: REVESTIMENTO CERÂMICO PARA PISO COM PLACAS TIPO PORCELANATO DE DIMENSÕES 60X60 CM APLICADA EM AMBIENTES DE ÁREA MAIOR QUE 10 M². AF_02/2023_PE | E11: m² | F11: 420.85 | G11: =TRUNC(L11-L11*$P$3,2) -> 123.23 | H11: =TRUNC(M11-M11*$P$3,2) -> 150.91 | I11: =ROUND(F11*H11,2) -> 63510.47 | J11: 0.025447073 | L11: 157.89 | M11: 193.36 | N11: 81375.55
A12: 20.12 | B12: 13303 | C12: ORSE | D12: Plataforma elevatória para PNE, cabinada, modelo unilateral (UN140/1 entrada)/oposto (OP140/2 entrada) dim. cabine 900x1400x2000mm, Aço carbono pintado, fechamento Aluminio Comp.(ACM) 02 paradas perc.3m cx.corrida alvenaria, da Aptus ou Similar | E12: un | F12: 1 | G12: =TRUNC(L12-L12*$P$3,2) -> 40583.65 | H12: =TRUNC(M12-M12*$P$3,2) -> 49702.8 | I12: =ROUND(F12*H12,2) -> 49702.8 | J12: 0.019913695 | L12: 51997 | M12: 63680.72 | N12: 63680.72
A13: 5.4.11 | B13: 94972 | C13: SINAPI | D13: CONCRETO FCK = 30MPA, TRAÇO 1:2,1:2,5 (EM MASSA SECA DE CIMENTO/ AREIA MÉDIA/ BRITA 1) - PREPARO MECÂNICO COM BETONEIRA 600 L. AF_05/2021 | E13: m³ | F13: 105.52 | G13: =TRUNC(L13-L13*$P$3,2) -> 374.13 | H13: =TRUNC(M13-M13*$P$3,2) -> 458.19 | I13: =ROUND(F13*H13,2) -> 48348.21 | J13: 0.019371075 | L13: 479.35 | M13: 587.05 | N13: 61945.51
A14: 5.7.8 | B14: 94972 | C14: SINAPI | D14: CONCRETO FCK = 30MPA, TRAÇO 1:2,1:2,5 (EM MASSA SECA DE CIMENTO/ AREIA MÉDIA/ BRITA 1) - PREPARO MECÂNICO COM BETONEIRA 600 L. AF_05/2021 | E14: m³ | F14: 97.84 | G14: =TRUNC(L14-L14*$P$3,2) -> 374.13 | H14: =TRUNC(M14-M14*$P$3,2) -> 458.19 | I14: =ROUND(F14*H14,2) -> 44829.31 | J14: 0.017961203 | L14: 479.35 | M14: 587.05 | N14: 57436.97
A15: 10.1.2 | B15: 104217 | C15: SINAPI | D15: EMBOÇO OU MASSA ÚNICA EM ARGAMASSA TRAÇO 1:2:8, PREPARO MECÂNICA COM BETONEIRA 400 L, APLICADA MANUALMENTE EM PANOS DE FACHADA COM PRESENÇA DE VÃOS, ESPESSURA DE 25 MM, ACESSO POR ANDAIME. AF_08/2022 | E15: m² | F15: 828.54 | G15: =TRUNC(L15-L15*$P$3,2) -> 36.29 | H15: =TRUNC(M15-M15*$P$3,2) -> 44.44 | I15: =ROUND(F15*H15,2) -> 36820.32 | J15: 0.014752811 | L15: 46.5 | M15: 56.94 | N15: 47177.06
A16: 10.1.8 | B16: 87262 | C16: SINAPI | D16: REVESTIMENTO CERÂMICO PARA PAREDE COM PLACAS TIPO PORCELANATO DE DIMENSÕES 60X60 CM APLICADA EM AMBIENTES DE ÁREA ENTRE 5 M² E 10 M². AF_02/2023_PE | E16: m² | F16: 225.5 | G16: =TRUNC(L16-L16*$P$3,2) -> 130.78 | H16: =TRUNC(M16-M16*$P$3,2) -> 160.17 | I16: =ROUND(F16*H16,2) -> 36118.34 | J16: 0.014471386 | L16: 167.57 | M16: 205.22 | N16: 46277.11
... A497: 22.11 | B497: 7319 | C497: ORSE | D497: Sinalização para estacionamento - placa metálica 50 x 70 cm - "Estacionamento Reservado" | E497: un | F497: 12 | G497: =TRUNC(L497-L497*$P$3,2) -> 0 | H497: =TRUNC(M497-M497*$P$3,2) -> 0 | I497: =ROUND(F497*H497,2) -> 0 | J497: 0 | L497: 0 | M497: 0 | N497: 0
A502: _______________________________________________________________ Barbara Dantas Fernandes ABART ENGENHARIA - Engenharia Civil - Socia Administradora

Sheet MEMORIA DE CAL
D1: Obra | E1: Bancos | G1: B.D.I. | I1: Encargos Sociais
D2: Construção da nova Promotoria de Justiça de Santana do Ipanema - Não desonerado | E2: SINAPI - 09/2024 - Alagoas ORSE - 06/2024 - Sergipe | G2: 22,47% | I2: Não Desonerado: Horista: 115,22% Mensalista: 70,31%
A3: MEMORIAL DE CÁLCULO
A4: Item | B4: Código | C4: Banco | D4: Descrição | E4: Und | F4: Quant. | G4: Valor Unit | H4: Valor Unit com BDI | I4: Total | J4: Peso (%)
A5: 1 | D5: ADMINISTRAÇÃO DE OBRA | F5: 1 | H5: 221467.32 | I5: 221467.32 | J5: 0.069255384
A6: 1.1 | B6: COMP - 12 | C6: Próprio | D6: ADMINISTRAÇÃO LOCAL | E6: un | F6: 12 | G6: 15069.5 | H6: 18455.61 | I6: 221467.32 | J6: 0.069255384
A7: 2 | D7: MOBILIZAÇÃO | F7: 1 | H7: 6123.6 | I7: 6123.6 | J7: 0.0019149203
A8: 2.1 | B8: 92144 | C8: SINAPI | D8: CAMINHONETE CABINE SIMPLES COM MOTOR 1.6 FLEX, CÂMBIO MANUAL, POTÊNCIA 101/104 CV, 2 PORTAS - MATERIAIS NA OPERAÇÃO. AF_11/2015 | E8: H | F8: 120 | G8: 41.67 | H8: 51.03 | I8: 6123.6 | J8: 0.0019149203
A9: 3 | D9: SERVIÇOS PRELIMINARES | F9: 1 | H9: 97849.62 | I9: 97849.62 | J9: 0.030598704
A10: 3.1 | B10: MP 003 | C10: Próprio | D10: ART DE EXECUÇÃO - CREA AL | E10: und | F10: 3 | G10: 262.55 | H10: 321.54 | I10: 964.62 | J10: 0.0003016478
A11: Local | D11: Descrição | E11: Fórmula | I11: Quantidade
D12: civil | E12: 1 | I12: 1
D13: elétrica | E13: 1 | I13: 1
D14: ar condicionado | E14: 1 | I14: 1
A15: 3.2 | B15: 97625 | C15: SINAPI | D15: DEMOLIÇÃO DE ALVENARIA PARA QUALQUER TIPO DE BLOCO, DE FORMA MECANIZADA, SEM REAPROVEITAMENTO. AF_09/2023 | E15: m³ | F15: 28.42875 | G15: 50.16 | H15: 61.43 | I15: 1746.37 | J15: 0.00054611003
A16: Local | D16: Descrição | E16: Fórmula | I16: Quantidade
D17: Muro norte | E17: 30,88*2,50*0,15 | I17: 11.58
D18: Muro Sul | E18: 32,18*2,50*0,15 | I18: 12.0675
D19: Edificação existente | E19: (3,30+3,00+3,00+0,95+1,10+1,40)*2,50*0,15 | I19: 4.78125
A20: 3.3 | B20: 97627 | C20: SINAPI | D20: DEMOLIÇÃO DE PILARES E VIGAS EM CONCRETO ARMADO, DE FORMA MECANIZADA COM MARTELETE, SEM REAPROVEITAMENTO. AF_09/2023 | E20: m³ | F20: 2.36475 | G20: 152.84 | H20: 187.18 | I20: 442.63 | J20: 0.0001384155
A21: Local | D21: Descrição | E21: Fórmula | I21: Quantidade
D22: Muro norte | E22: (30,88/2,50)*(0,15*0,25*2,50) | I22: 1.158
D23: Muro Sul | E23: (32,18/2,50)*(0,15*0,25*2,50) | I23: 1.20675
A24: 3.4 | B24: 104790 | C24: SINAPI | D24: DEMOLIÇÃO DE PISO DE CONCRETO SIMPLES, DE FORMA MECANIZADA COM MARTELETE, SEM REAPROVEITAMENTO. AF_09/2023 | E24: m³ | F24: 3.6 | G24: 99.68 | H24: 122.07 | I24: 439.45 | J24: 0.00013742108
A25: Local | D25: Descrição | E25: Fórmula | I25: Quantidade
D26: edificação existente | E26: 3*12*0,10 | I26: 3.6
A27: 3.5 | B27: 9937 | C27: ORSE | D27: Limpeza mecanizada do terreno c/ retroescavadeira (vegetação rasteira) inclusive carga e transporte - dmt até 1km | E27: m² | F27: 1313.26 | G27: 1.89 | H27: 2.31 | I27: 3033.63 | J27: 0.00094865108
A28: Local | D28: Descrição | E28: Fórmula | I28: Quantidade
D29: Área do terreno ( proj. Topografia) | E29: 1313,26 | I29: 1313.26
A30: 3.6 | B30: 103689 | C30: SINAPI | D30: FORNECIMENTO E INSTALAÇÃO DE PLACA DE OBRA COM CHAPA GALVANIZADA E ESTRUTURA DE MADEIRA. AF_03/2022_PS | E30: m² | F30: 4.5 | G30: 463.06 | H30: 567.1 | I30: 2551.95 | J30: 0.00079802419
A31: Local | D31: Descrição | E31: Fórmula | I31: Quantidade
D32: Placa de obra padrão MPAL | E32: B=3*H=1,5 | I32: 4.5
A33: 3.7 | B33: 98459 | C33: SINAPI | D33: TAPUME COM TELHA METÁLICA. AF_03/2024 | E33: m² | F33: 32.18 | G33: 90.68 | H33: 111.05 | I33: 3573.58 | J33: 0.0011174997
A34: Local | D34: Descrição | E34: Fórmula | I34: Quantidade
D35: Frente (Proj. Topografia) | E35: 32,18 | I35: 32.18
A36: 3.8 | B36: 9416 | C36: ORSE | D36: Instalação provisória de energia elétrica, aerea, trifasica, em poste galvanizado, exclusive fornecimento do medidor | E36: un | F36: 1 | G36: 1644.38 | H36: 2013.87 | I36: 2013.87 | J36: 0.00062976037
A37: Local | D37: Descrição | E37: Fórmula | I37: Quantidade
D38: Instalação provisória | E38: 1 | I38: 1
A39: 3.9 | B39: 6096 | C39: ORSE | D39: Ligação Predial de Água em Mureta de Concreto, Provisória ou Definitiva, com Fornecimento de Material, inclusive Mureta e Hidrômetro, Rede DN 50mm - Rev 03_10/2022 | E39: UN | F39: 1 | G39: 543.18 | H39: 665.23 | I39: 665.23 | J39: 0.00020802509
A40: Local | D40: Descrição | E40: Fórmula | I40: Quantidade
D41: Ligação provisória | E41: 1 | I41: 1
A42: 3.10 | B42: 56 | C42: ORSE | D42: Barracão para escritório de obra porte pequeno s=25,41m2 com materiais novos | E42: un | F42: 1 | G42: 15115.44 | H42: 18511.87 | I42: 18511.87 | J42: 0.0057888752
A43: Local | D43: Descrição | E43: Fórmula | I43: Quantidade
D44: Conforme caderno de especificações | E44: 1 | I44: 1
A45: 3.11 | B45: 62 | C45: ORSE | D45: Barracão fechado porte pequeno para depósito de cimento e almoxarifado (s=38,72 m2) com materiais novos | E45: un | F45: 1 | G45: 12068.87 | H45: 14780.74 | I45: 14780.74 | J45: 0.0046221078
A46: Local | D46: Descrição | E46: Fórmula | I46: Quantidade
D47: Conforme caderno de especificações | E47: 1 | I47: 1
A48: 3.12 | B48: 61 | C48: ORSE | D48: Barracão aberto para refeitório de obra (capacidade 24 refeições simultâneas)-s=61,60m2 com materiais novos | E48: un | F48: 1 | G48: 17367.81 | H48: 21270.35 | I48: 21270.35 | J48: 0.0066514837
A49: Local | D49: Descrição | E49: Fórmula | I49: Quantidade
D50: Conforme caderno de especificações | E50: 1 | I50: 1
A51: 3.13 | B51: 10184 | C51: ORSE | D51: Barracão para banheiro e vestiário de obra, s=35,10m², capacidade 20 operários com materiais novos | E51: un | F51: 1 | G51: 17996.52 | H51: 22040.33 | I51: 22040.33 | J51: 0.0068922653
A52: Local | D52: Descrição | E52: Fórmula | I52: Quantidade
D53: Conforme caderno de especificações | E53: 1 | I53: 1
A54: 3.14 | B54: 11703 | C54: ORSE | D54: Barracão aberto para apoio à produção (carpintaria, central de armação, oficina, etc.) c/ tesouras, telha 4mm, piso em concreto desempolado | E54: m² | F54: 25 | G54: 189.93 | H54: 232.6 | I54: 5815 | J54: 0.0018184175
A55: Local | D55: Descrição | E55: Fórmula | I55: Quantidade
D56: Conforme caderno de especificações | E56: 25 | I56: 25
A57: 4 | D57: TERRAPLANAGEM | F57: 1 | H57: 75403.11 | I57: 75403.11 | J57: 0.023579422
A58: 4.1 | B58: 2548 | C58: ORSE | D58: Locação de serviços de terraplenagem de obras civis | E58: m² | F58: 1313.26 | G58: 1.33 | H58: 1.62 | I58: 2127.48 | J58: 0.00066528753
A59: Local | D59: Descrição | E59: Fórmula | I59: Quantidade
D60: Área do terreno conforme projeto de topografia | E60: i.3.5 | I60: 1313.26
A61: 4.2 | B61: 101124 | C61: SINAPI | D61: ESCAVAÇÃO HORIZONTAL, INCLUINDO CARGA E DESCARGA EM SOLO DE 1A CATEGORIA COM TRATOR DE ESTEIRAS (100HP/LÂMINA: 2,19M3). AF_07/2020 | E61: m³ | F61: 26.11 | G61: 14.32 | H61: 17.53 | I61: 457.7 | J61: 0.00014312807
A62: Local | D62: Descrição | E62: Fórmula | I62: Quantidade
D63: Material argiloso | E63: 26,11 | I63: 26.11
A64: 4.3 | B64: 102354 | C64: SINAPI | D64: DESMONTE DE MATERIAL DE 3ª CATEGORIA (BLOCOS DE ROCHAS OU MATACOS), COM MARTELETE PNEUMÁTICO MANUAL - EXCLUSIVE CARGA E TRANSPORTE. AF_03/2021 | E64: m³ | F64: 61.128 | G64: 143.32 | H64: 175.52 | I64: 10729.18 | J64: 0.0033551383
A65: Local | D65: Descrição | E65: Fórmula | I65: Quantidade
D66: Corte conforme projeto (40% do volume com uso de martelete) | E66: ( 178,93 - i.4.2 )*,4 | I66: 61.128
A67: 4.4 | B67: 4522 | C67: ORSE | D67: Desmonte de rocha dura incluindo perfuração e argamassa expansiva | E67: m³ | F67: 91.692 | G67: 338.84 | H67: 414.97 | I67: 38049.42 | J67: 0.011898492
A68: Local | D68: Descrição | E68: Fórmula | I68: Quantidade
D69: Corte conforme projeto (60% do volume com uso de argamassa expansiva) | E69: (178,93 - i.4.2 )*,6 | I69: 91.692
A70: 4.5 | B70: 102361 | C70: SINAPI | D70: RETIRADA DE MATERIAL DE 3ª CATEGORIA (APÓS ESCAVAÇÃO/DESMONTE) EM VALAS, COM RETROESCAVADEIRA - EXCLUSIVE CARGA E TRANSPORTE. AF_03/2021 | E70: m³ | F70: 152.82 | G70: 32.01 | H70: 39.2 | I70: 5990.54 | J70: 0.0018733109
A71: Local | D71: Descrição | E71: Fórmula | I71: Quantidade
D72: Corte conforme projeto | E72: 178,93 - i.4.2 | I72: 152.82
A73: 4.6 | B73: 95875 | C73: SINAPI | D73: TRANSPORTE COM CAMINHÃO BASCULANTE DE 10 M³, EM VIA URBANA PAVIMENTADA, DMT ATÉ 30 KM (UNIDADE: M3XKM). AF_07/2020 | E73: M3XKM | F73: 1902.77 | G73: 2.41 | H73: 2.95 | I73: 5613.17 | J73: 0.001755303
A74: Local | D74: Descrição | E74: Fórmula | I74: Quantidade
D75: Volume cortado (m ³) * Distância (km) | E75: ( i.4.2 + i.4.3 + i.4.4 )* 10 | I75: 1789.3
D76: Areia para aterro | E76: i.4.7 | I76: 113.47
A77: 4.7 | B77: 00000368 | C77: SINAPI | D77: AREIA PARA ATERRO - POSTO JAZIDA/FORNECEDOR (RETIRADO NA JAZIDA, SEM TRANSPORTE) | E77: M³ | F77: 113.47 | G77: 47.5 | H77: 58.17 | I77: 6600.54 | J77: 0.002064065
A78: Local | D78: Descrição | E78: Fórmula | I78: Quantidade
D79: Conforme projeto de terraplanagem (volume solto) | E79: 113,47 | I79: 113.47
A80: 4.8 | B80: 71 | C80: ORSE | D80: Aterro manual de áreas, sem aquisição de material, com espalhamento e compactação | E80: m³ | F80: 90.776 | G80: 52.49 | H80: 64.28 | I80: 5835.08 | J80: 0.0018246968
A81: Local | D81: Descrição | E81: Fórmula | I81: Quantidade
D82: A composição considera o volume geométrico ( fator de empolamento = 1,25 ) | E82: ( i.4.7 )/1,25 | I82: 90.776
A83: 5 | D83: ESTRUTURA | F83: 1 | H83: 1064465.1 | I83: 1064465.1 | J83: 0.33287053
A84: 5.1 | D84: LOCAÇÃO DA OBRA, FUNDAÇÕES E VIGAS BALDRAMES | F84: 1 | H84: 61608.21 | I84: 61608.21 | J84: 0.019265598
A85: 5.1.1 | B85: 105009 | C85: SINAPI | D85: LOCAÇÃO CONVENCIONAL DE OBRA, UTILIZANDO GABARITO DE TÁBUAS CORRIDAS PONTALETADAS A CADA 1,50M - 2 UTILIZAÇÕES. AF_03/2024 | E85: M | F85: 101.12 | G85: 69.89 | H85: 85.59 | I85: 8654.86 | J85: 0.0027064745
A86: Local | D86: Descrição | E86: Fórmula | I86: Quantidade
D87: FRENTE E FUNDO | E87: C=2*29,67 | I87: 59.34
D88: LADOS | E88: C=2*20,89 | I88: 41.78
A89: 5.1.2 | B89: 96523 | C89: SINAPI | D89: ESCAVAÇÃO MANUAL PARA BLOCO DE COROAMENTO OU SAPATA (INCLUINDO ESCAVAÇÃO PARA COLOCAÇÃO DE FÔRMAS). AF_01/2024 | E89: m³ | F89: 99.2 | G89: 87.38 | H89: 107.01 | I89: 10615.39 | J89: 0.0033195548
A90: Local | D90: Descrição | E90: Fórmula | I90: Quantidade
D91: VOLUME S1 | E91: 2,72 | I91: 2.72
D92: VOLUME S2 | E92: 2,72 | I92: 2.72
D93: VOLUME S3 | E93: 3,6 | I93: 3.6
D94: VOLUME S4 | E94: 2,72 | I94: 2.72
D95: VOLUME S5 | E95: 4,49 | I95: 4.49
D96: VOLUME S6 | E96: 5,66 | I96: 5.66
D97: VOLUME S7 | E97: 6,83 | I97: 6.83
D98: VOLUME S8 | E98: 5,66 | I98: 5.66
D99: VOLUME S9 | E99: 5,66 | I99: 5.66
D100: VOLUME S10 | E100: 4,09 | I100: 4.09
...
